 Dungeon Crawl Stone Soup version 0.32-a0-913-g739538afd8 (webtiles) character file.

Game seed: 1060617216737683155

2033129 MackTheKnife the Skinwalker (level 26, 273/273 HPs)
             Began as a Mountain Dwarf Chaos Knight on Apr 8, 2024.
             Was the Champion of Makhleb.
             Escaped with the Orb
             ... and 3 runes
             ... and 1 gem (intact)!
             The game lasted 01:19:51 (53008 turns).

MackTheKnife the Skinwalker (MDCK)                 Turns: 53008, Time: 01:19:52

Health: 273/273    AC: 38    Str: 27 (29) XL:     26   Next: 79%
Magic:  23/23      EV: 13    Int:  5 (7)  God:    Makhleb [******]
Gold:   6143       SH: 33    Dex: 21      Spells: 25/25 levels left

rFire   + + +        I - +9 broad axe of a sewer {venom, rF+ Str+3 Dex+3, axe}
rCold   + + .        d - +10 tower shield of Ignorance {rN+ Int-4}
rNeg    + + +        S - +10 plate armour of the World {rF+ Will+ SInv}
rPois   ∞            R - +2 hat of the Chewing Bones {Will+ Dex+2}
rElec   +            Y - scarf {rC+ rF+}
rCorr   +            H - +2 pair of gloves of Ru's Wrath {Rampage SInv}
SInv    +            Q - +2 pair of boots "Pucokoer" {rElec rCorr Int-5}
Will    +++++        o - amulet "Visudghu" {Will++ Regen+ rCorr Stlth-} Stlth
                     J - +6 ring of strength
HPRegen 2.25/turn    P - ring "Ytwakkos" {Dex+5 Slay+4}
MPRegen 0.18/turn

%: rampage
@: death-form, studying 2 skills
A: vile attack, torment immunity, no potions, runic magic, artefact enchanting,
low MP 2, regeneration 1, robust 1, weak 1
0: Orb of Zot
}: 3/15 runes: decaying, silver, gossamer
a: Siphon Essence, Begin Untransformation, Renounce Religion, Minor Destruction,
Lesser Servant of Makhleb, Major Destruction, Greater Servant of Makhleb


You escaped.
You worshipped Makhleb.
Makhleb was exalted by your worship.
You were an undying horror.
You visited 11 branches of the dungeon, and saw 51 of its levels.
You visited the Abyss 1 time.
You also visited: Gauntlet.

You collected 8595 gold pieces.
You spent 2452 gold pieces at shops.


Innate Abilities, Weirdness & Mutations

You are an undying horror.
Your melee and unarmed attacks drain, slow and weaken victims.
You are immune to unholy pain and torment.
You cannot drink.
You are immune to poison.
Your spellcasting is much less encumbered by armour.
You can use scrolls of enchantment on lesser artefacts.
Your magical capacity is very low. (-20% MP)
Your natural rate of healing is unusually fast.
You are robust. (+10% HP)
You are weak. (Str -2)


   Skills:
 - Level 22.9 Fighting
 - Level 19.6(20.0) Axes
 - Level 7.2(14.6) Maces & Flails
 + Level 19.5 Armour
 - Level 10.0 Dodging
 - Level 20.0 Shields
 - Level 8.4 Invocations
 - Level 23.0 Shapeshifting


You had 25 spell levels left.
You didn't know any spells.
Your spell library contained the following spells:

 Spells                   Type           Power      Damage    Failure   Level
 Apportation              Tloc           0%         N/A       77%         1
 Foxfire                  Conj/Fire      0%         2x1d4     77%         1
 Freeze                   Ice            0%         1d3       77%         1
 Kiss of Death            Conj/Necr      0%         2d5       77%         1
 Sandblast                Erth           0%         2d4       77%         1
 Shock                    Conj/Air       0%         1d3       77%         1
 Slow                     Hex            0%         N/A       77%         1
 Sting                    Conj/Alch      0%         1d3       77%         1
 Summon Small Mammal      Summ           0%         N/A       77%         1
 Blink                    Tloc           0%         N/A       88%         2
 Call Imp                 Summ           0%         N/A       88%         2
 Ensorcelled Hibernation  Hex/Ice        0%         N/A       88%         2
 Jinxbite                 Hex            0%         N/A       88%         2
 Lesser Beckoning         Tloc           0%         N/A       88%         2
 Mercury Vapours          Alch/Air       0%         N/A       88%         2
 Momentum Strike          Conj/Tloc      0%         3d8       88%         2
 Scorch                   Fire           0%         2d5       88%         2
 Static Discharge         Conj/Air       0%         3-3/arc   88%         2
 Sublimation of Blood     Necr           0%         N/A       88%         2
 Call Canine Familiar     Summ           0%         N/A       98%         3
 Confusing Touch          Hex            0%         N/A       98%         3
 Dazzling Flash           Conj/Hex       0%         N/A       98%         3
 Frozen Ramparts          Ice            0%         1d1       98%         3
 Fugue of the Fallen      Necr           0%         N/A       98%         3
 Hailstorm                Conj/Ice       0%         3d5       98%         3
 Maxwell's Portable Pile  Tloc           0%         2d(5-13)  98%         3
 Mephitic Cloud           Conj/Alch/Air  0%         N/A       98%         3
 Ozocubu's Armour         Ice            0%         N/A       98%         3
 Stone Arrow              Conj/Erth      0%         3d7       98%         3
 Swiftness                Air            0%         N/A       98%         3
 Teleport Other           Tloc           0%         N/A       98%         3
 Vampiric Draining        Necr           0%         2d6       98%         3
 Volatile Blastmotes      Fire/Tloc      0%         2d10      98%         3
 Airstrike                Air            0%         2d(0-16)  100%        4
 Anguish                  Hex/Necr       0%         N/A       100%        4
 Animate Dead             Necr           0%         N/A       100%        4
 Brom's Barrelling Bould  Conj/Erth      0%         2d3       100%        4
 Cause Fear               Hex            0%         N/A       100%        4
 Dispel Undead            Necr           0%         3d6       100%        4
 Flame Wave               Conj/Fire      0%         2d4       100%        4
 Fulminant Prism          Conj/Alch      0%         3d5       100%        4
 Iskenderun's Mystic Bla Conj/Tloc 0%             2d3        (+2d1     100%        4
 Leda's Liquefaction      Alch/Erth      0%         N/A       100%        4
 Olgreb's Toxic Radiance  Alch           0%         N/A       100%        4
 Passage of Golubria      Tloc           0%         N/A       100%        4
 Petrify                  Alch/Erth      0%         N/A       100%        4
 Summon Blazeheart Golem  Fire/Summ      0%         N/A       100%        4
 Summon Lightning Spire   Summ/Air       0%         N/A       100%        4
 Vhi's Electric Charge    Tloc/Air       0%         N/A       100%        4
 Alistair's Intoxication  Alch           0%         N/A       100%        5
 Arcjolt                  Conj/Air       0%         1d10      100%        5
 Borgnjor's Vile Clutch   Necr/Erth      0%         N/A       100%        5
 Curse of Agony           Necr           0%         N/A       100%        5
 Fireball                 Conj/Fire      0%         3d3       100%        5
 Freezing Cloud           Conj/Ice/Air   0%         6-21      100%        5
 Irradiate                Conj/Alch      0%         3d11      100%        5
 Iskenderun's Battlesphe  Conj           0%         2d6       100%        5
 Silence                  Hex/Air        0%         N/A       100%        5
 Summon Forest            Summ/Tloc      0%         N/A       100%        5
 Summon Mana Viper        Hex/Summ       0%         N/A       100%        5
 Bombard                  Conj/Erth      0%         9d1       100%        6
 Conjure Ball Lightning   Conj/Air       0%         3x3d6     100%        6
 Death Channel            Necr           0%         N/A       100%        6
 Eringya's Noxious Bog    Alch           0%         4d6       100%        6
 Gell's Gavotte           Tloc           0%         2d(11-16) 100%        6
 Plasma Beam              Fire/Air       0%         2x1d10    100%        6
 Starburst                Conj/Fire      0%         6d3       100%        6
 Summon Cactus Giant      Summ           0%         N/A       100%        6
 Haunt                    Necr/Summ      0%         N/A       100%        7
 Malign Gateway           Summ/Tloc      0%         N/A       100%        7
 Manifold Assault         Tloc           0%         N/A       100%        7
 Orb of Destruction       Conj           0%         9d5       100%        7
 Spellforged Servitor     Conj/Summ      0%         N/A       100%        7
 Summon Hydra             Summ           0%         N/A       100%        7
 Borgnjor's Revivificati  Necr           0%         N/A       100%        8
 Discord                  Hex            0%         N/A       100%        8
 Disjunction              Tloc           0%         N/A       100%        8
 Infestation              Necr           0%         N/A       100%        8
 Maxwell's Capacitive Co  Air            0%         ∞         100%        8
 Chain Lightning          Conj/Air       0%         N/A       100%        9
 Death's Door             Necr           0%         N/A       100%        9
 Dragon's Call            Summ           0%         N/A       100%        9
 Fire Storm               Conj/Fire      0%         5d1       100%        9
 Shatter                  Erth           0%         3d5*      100%        9

Inventory:

Hand Weapons
 l - the +7 sceptre of Torment {pain, torment}
   (You found it on level 3 of the Crypt)
 I - the +9 broad axe of a sewer (weapon) {venom, rF+ Str+3 Dex+3, axe}
   (You took it off a minotaur in a Gauntlet)

   Str+3:     It affects your strength (+3).
   Dex+3:     It affects your dexterity (+3).
   rF+:       It protects you from fire.
Armour
 d - the +10 tower shield of Ignorance (worn) {rN+ Int-4}
   (You found it on level 7 of the Dungeon)

   Int-4:     It affects your intelligence (-4).
   rN+:       It protects you from negative energy.
 H - the +2 pair of gloves of Ru's Wrath (worn) {Rampage SInv}
   (You found it in a Gauntlet)

   SInv:      It lets you see invisible.
   Rampage:   It bestows one free step when moving towards enemies.
 Q - the +2 pair of boots "Pucokoer" (worn) {rElec rCorr Int-5}
   (Okawaru gifted it to you on level 3 of the Lair of Beasts)

   Int-5:     It affects your intelligence (-5).
   rElec:     It insulates you from electricity.
   rCorr:     It protects you from acid and corrosion.
 R - the +2 hat of the Chewing Bones (worn) {Will+ Dex+2}
   (You found it on level 4 of the Spider Nest)

   Dex+2:     It affects your dexterity (+2).
   Will+:     It increases your willpower.
 S - the +10 plate armour of the World (worn) {rF+ Will+ SInv}
   (You found it on level 5 of the Vaults)

   rF+:       It protects you from fire.
   Will+:     It increases your willpower.
   SInv:      It lets you see invisible.
 Y - a scarf of resistance (worn)
   (You found it on level 2 of the Spider Nest)
Jewellery
 o - the amulet "Visudghu" (around neck) {Will++ Regen+ rCorr Stlth-}
   (You took it off a deep elf zephyrmancer on level 3 of the Elven Halls)

   [amulet of regeneration]

   Will++:    It greatly increases your willpower.
   Regen+:    It increases your rate of health regeneration.
   rCorr:     It protects you from acid and corrosion.
   Stlth-:    It makes you less stealthy.
 J - a +6 ring of strength (left hand)
   (You took it off a minotaur in a Gauntlet)
 K - a ring of flight
   (You found it in a Gauntlet)
 P - the ring "Ytwakkos" (right hand) {Dex+5 Slay+4}
   (You found it on level 3 of the Vaults)

   [ring of slaying]

   Dex+5:     It affects your dexterity (+5).
   Slay+4:    It affects your accuracy & damage with ranged weapons and melee
   (+4).
 T - a ring of positive energy
   (You found it on level 4 of the Lair of Beasts)
 X - a ring of protection from fire
   (You found it on level 2 of the Spider Nest)
Talismans
 n - a granite talisman
   (You bought it in a shop on level 8 of the Dungeon)
 W - a talisman of death (active)
   (You found it on level 14 of the Dungeon)
Wands
 r - a wand of roots (28)
   (You took it off Joseph on level 9 of the Dungeon)
 x - a wand of digging (19)
   (You found it on level 9 of the Dungeon)
 M - a wand of mindburst (14)
   (You found it on level 1 of the Lair of Beasts)
 U - a wand of light (19)
   (You found it on level 4 of the Swamp)
Scrolls
 b - 10 scrolls of poison {!r}
 c - 8 scrolls of teleportation {@r4}
 f - 11 scrolls of fear
 g - 8 scrolls of enchant armour
 h - 4 scrolls of summoning
 i - 10 scrolls of vulnerability {!r!r}
 j - 8 scrolls of amnesia
 v - 10 scrolls of immolation {!r!r}
 y - a scroll of enchant weapon
 z - 5 scrolls of blinking {!r}
 B - 6 scrolls of fog
 C - 9 scrolls of silence {!r}
 D - a scroll of brand weapon
Potions
 a - 20 potions of heal wounds {@q2}
 e - 20 potions of curing {@q1}
 k - 2 potions of magic
 m - 12 potions of lignification {!q}
 q - 9 potions of mutation {!q}
 s - 7 potions of ambrosia
 u - a potion of cancellation
 w - 4 potions of haste {@q3}
 A - 4 potions of invisibility
 F - 3 potions of berserk rage {!q}
 G - 6 potions of might
 V - 3 potions of resistance
 Z - 8 potions of enlightenment
Miscellaneous
 E - a box of beasts
   (You found it on level 4 of the Lair of Beasts)
 L - a phial of floods
   (You found it on level 1 of the Lair of Beasts)
 O - a phantom mirror (inert)
   (You found it on level 2 of the Lair of Beasts)

Dungeon Overview and Level Annotations

Branches:
Dungeon (15/15)            Temple (0/1) D:7            Lair (5/5) D:11
  Swamp (4/4) Lair:3       Spider (4/4) Lair:2        Slime (0/5) Lair:5
    Orc (2/2) D:10            Elf (3/3) Orc:2        Vaults (5/5) D:14
  Crypt (3/3) Vaults:3       Tomb (1/3) Crypt:3      Depths (4/4) D:15
    Zot (5/5) Depths:4    Gauntlet (visited)

Altars:
Cheibriados
Dithmenos
Elyvilon
Fedhas
Gozag
Kikubaaqudgha
Makhleb
Nemelex Xobeh
Okawaru
Ru
Sif Muna
Trog
Uskayaw
Vehumet
Xom
Yredelemnul
Zin
The Shining One
Lugonu

Shops:
D:3 (   D:8 =   D:9 :   D:10 :   Orc:2 ?*?*   Vaults:3 ([(=!   Depths:1 !?

Portals:
Hell: Depths:1 Depths:2 Depths:3 Depths:4
Abyss: D:10 Depths:2 Depths:3 Depths:4
Pandemonium: Depths:1 Depths:2 Depths:4
Ziggurat: Depths:4
Trove: D:13 (give +7 demon whip)

Annotations:
D:1 exclusion: door
D:7 1 runed translucent door, exclusion: 4 orange crystal statues
Lair:2 2 transporters
Lair:5 1 runed translucent door
Zot:5 2 exclusions #........# #.# #.#.###. #........######.# #.#.###. ####.###........## #....... #.....########...## ###.#### #.##..# ##.....## ##.# #.##..## ##......h## ##..# ###......####......h.h####...## ........PPPPPPPPPPPPPPPPP.....#

###>....PPPPPP..z..PPPPPP#...##
##....PPPP..PPPPP..PPPP##..###
####.PPP.PPP...PPP.PPP###...##
#.PPP.PP.PPP.PP.PPP##.....#
#.PP.PP.PP.PP.PP.PP##.....#
#.PP.P.PP.P.PP.P.PP##.....#
#.PP.P.P.PPP.P.P.PP###...##


#.PP.P.PP.P.PP.P.PP# ##.## #.PP.PP.PP.PP.PP.PP# #.# You could see 3 hell hounds.


Message History

Your mindless puppet stays behind to rot.
There is a stone staircase leading down here.
There is a stone staircase leading up here.
You climb upwards.
Level annotation: exclusion: door
There is a stone staircase leading down here.
You see here a hobgoblin skeleton.
You slice the bullfrog!!
You kill the bullfrog!
Makhleb accepts your kill.
The ball python returns to its original shape as it dies.
No target in view!
No target in view!
No target in view!
No target in view!
No target in view!
No target in view!
What level of the Dungeon? (default 1, ? - help)
You see here a +0 leather armour.
You open the door.
There is an open door here.
An Unaobbaf, a lorocyproca and a ynoxinul come into view.
Press: ? - help, v - describe, . - travel The floor.
The lorocyproca gives a chilling moan.
The ynoxinul bellows!
You rampage towards Unaobbaf!
Unaobbaf hits you! 😕 HP[-7]
You take 7 damage, and now have 266/273 hp.
You hit Unaobbaf but do no damage.
Unaobbaf is poisoned.
You barely miss the ynoxinul. Unaobbaf hits you!! 😕 HP[-31]
You take 31 damage, and now have 235/273 hp.
You slash Unaobbaf!
Unaobbaf decays.
You slash the ynoxinul!
The ynoxinul decays.
The ynoxinul hits you but does no damage. 😕 HP[+2]
You regained 2 hp, and now have 237/273 hp.
You slice the ynoxinul!!
You kill the ynoxinul!
Makhleb accepts your kill.
You feel better.
You slash Unaobbaf!
Unaobbaf decays.
You slash the lorocyproca!
The lorocyproca decays.
You block Unaobbaf's attack.
You block the lorocyproca's attack. 😕 HP[+6]
You regained 6 hp, and now have 243/273 hp.
You slice the lorocyproca!!
The lorocyproca decays.
The lorocyproca looks as sick as possible!
You hit Unaobbaf but do no damage.
Unaobbaf looks as sick as possible! 😕 HP[+2]
You regained 2 hp, and now have 245/273 hp.
You closely miss the lorocyproca. You barely miss Unaobbaf.
You block Unaobbaf's attack.
You block the lorocyproca's attack. 😕 HP[+2]
You regained 2 hp, and now have 247/273 hp.
You open the lorocyproca like a pillowcase!!!
You kill the lorocyproca!
Makhleb accepts your kill.
You barely miss Unaobbaf. 😕 HP[+2]
You regained 2 hp, and now have 249/273 hp.
You slice Unaobbaf!!
Unaobbaf decays.
Unaobbaf looks as sick as possible!
You block Unaobbaf's attack. 😕 HP[+1]
You hit Unaobbaf but do no damage. 😕 HP[+2]
You regained 2 hp, and now have 252/273 hp.
You slash Unaobbaf!
Unaobbaf decays.
You block Unaobbaf's attack. 😕 HP[+2]
You regained 2 hp, and now have 254/273 hp.
You hit Unaobbaf.
Unaobbaf decays. 😕 HP[+2]
You regained 2 hp, and now have 256/273 hp.
You cut Unaobbaf into ribbons!!!
Unaobbaf decays.
You block Unaobbaf's attack. 😕 HP[+1]
You slash Unaobbaf!
Unaobbaf decays.
Unaobbaf looks as sick as possible!
Unaobbaf closely misses you. 😕 HP[+2]
You regained 2 hp, and now have 259/273 hp.
You hit Unaobbaf.
Unaobbaf decays. 😕 HP[+2]
You regained 2 hp, and now have 261/273 hp.
You hit Unaobbaf.
You kill Unaobbaf!
Makhleb accepts your kill.
You feel better. 😎 HP[+12]
Your hp is fully restored (273).
No target in view!
No target in view!
No target in view!
No target in view!
No target in view!
No target in view!
No target in view!
No target in view!
Okay, then.
Unknown command.
There is an open door here.
There is a staircase leading out of the dungeon here.
You have escaped!

Skill      XL: |  1  2  3  4  5  6  7  8  9 10 11 12 13 14 15 16 17 18 19 20 21 22 23 24 25 26 |
---------------+-------------------------------------------------------------------------------+-----
Axes           | 4 5 6 11 15 19 | 19.6
Maces & Flails | 1 2 4 6 7 |  7.2
Fighting       | 4 5 6 10 12 14 18 20 22 | 22.9
Shields        | 6 11 13 15 16 19 20 | 20.0
Invocations    | 4 8 |  8.4
Dodging        | 2 6 10 | 10.0
Armour         | 4 11 12 13 15 19 | 19.5
Shapeshifting  | 3 9 14 17 18 21 23 | 23.0

Action                     |  1- 3 |  4- 6 |  7- 9 | 10-12 | 13-15 | 16-18 | 19-21 | 22-24 | 25-27 || total
---------------------------+-------+-------+-------+-------+-------+-------+-------+-------+-------++-------
  Melee: Hand axe          |   131 |    36 |       |       |       |       |       |       |       ||   167
         Whip              |       |   110 |   347 |   474 |       |       |       |       |       ||   931
         Broad axe         |       |       |       |   182 |  1023 |  1571 |  1674 |   934 |  1419 ||  6803
         Unarmed           |       |       |       |       |     8 |       |       |       |       ||     8
 Invoke: Heroism           |       |       |       |     2 |     9 |     9 |       |       |       ||    20
         Finesse           |       |       |       |     1 |     7 |     2 |       |       |       ||    10
         Receive Weapon    |       |       |       |       |     1 |       |       |       |       ||     1
         Receive Armour    |       |       |       |       |     1 |       |       |       |       ||     1
  Evoke: Wand              |       |       |       |    29 |     4 |     7 |    21 |     3 |     6 ||    70
         Box of beasts     |       |       |       |       |       |       |     1 |     2 |       ||     3
         Phantom mirror    |       |       |       |       |       |       |     1 |       |     1 ||     2
         Phial of floods   |       |       |       |       |       |       |     1 |     1 |       ||     2
    Use: Scroll            |     1 |     6 |    10 |     9 |     8 |    16 |    15 |     1 |     8 ||    74
         Potion            |       |       |     1 |     5 |       |     1 |     4 |     1 |       ||    12
   Stab: Paralysed         |     1 |       |       |       |       |       |       |       |       ||     1
         Sleeping          |       |       |     1 |       |       |       |     2 |       |       ||     3
         Invisible         |       |       |       |     4 |     1 |     3 |     1 |       |       ||     9
         Petrified         |       |       |       |       |     5 |       |       |       |       ||     5
         Distracted        |       |       |       |       |     1 |     1 |       |       |     1 ||     3
 Armour: Leather armour    |    90 |    86 |   221 |   200 |   101 |       |       |       |       ||   698
         Skin              |       |       |     1 |       |     3 |       |       |   733 |   139 ||   876
         Chain mail        |       |       |       |       |   186 |   487 |   806 |       |       ||  1479
         Shadow dragon sca |       |       |       |       |       |       |   237 |     9 |    30 ||   276
         Plate armour      |       |       |       |       |       |       |       |       |   259 ||   259
  Dodge: Dodged            |    85 |    72 |   140 |    60 |   139 |   345 |   707 |   498 |   181 ||  2227
  Block: Tower shield      |       |       |    83 |   832 |  1249 |  1974 |  2727 |  1742 |  1420 || 10027
         Reflection        |       |       |       |       |    64 |    62 |       |       |       ||   126
         Other             |       |       |       |       |     1 |       |       |       |       ||     1
   Form: Statue            |       |       |       |       |       |       |       |     1 |       ||     1
                           |       |       |       |       |       |       |       |       |     1 ||     1
         Death             |       |       |       |       |       |       |       |       |     1 ||     1

Levels and vault maps discovered:
D:1:      roderic_crop_circles_arrival_small, layout_loops_corners,
          minmay_quantized
D:2:      layout_basic, serial_co_window_serial, co_window_corner_a,
          co_window_paths_b, co_window_corner_a, co_window_corner_a,
          co_window_of_opportunity_a, co_window_unsneaky_path_d,
          co_window_cross_3, co_window_broadway_b, co_window_4corner_b,
          co_window_paths_e, glass_columns_b, glass_columns_b, glass_columns_c,
          glass_columns_b
D:3:      layout_loops_corners, lemuel_tele_altar, tso_metal_star, serial_shops,
          nicolae_shop_peninsula, hex_tiny, grunt_ministairs_14
D:4:      layout_cave_pools, grunt_temple_overflow_order_and_chaos_2,
          uniq_natasha
D:5:      layout_basic, mainiacjoe_overflow_concentric_impassable,
          minmay_circle_x
D:6:      layout_layer_cave, chequers_temple_overflow_statue_of_worship,
          mainiacjoe_overflow_alcove_1, mainiacjoe_overflow_six_doors_small
D:7:      layout_loops_ring, grunt_temple_overflow_growth_and_decay,
          minmay_temple_entry_junction, chequers_guarded_unrand_ignorance
D:8:      layout_loops_ring, kennysheep_little_box, serial_aquarium,
          aquarium_bridge_straight [aquarium_subvault_bridge,
          aquarium_subvault_wall, aquarium_subvault_bridge,
          aquarium_subvault_wall], aquarium_window_2, aquarium_window_1,
          aquarium_window_2, aquarium_window_fake, aquarium_view_2g,
          aquarium_view_2f, aquarium_balcony_3b, serial_shops,
          nicolae_shop_rolling_square, chequers_decorated_corner, uniq_pikel
D:9:      layout_basic, nicolae_vehumet_altar_sigil, serial_shops, shop,
          hellmonk_guarded_unrand_frostbite, uniq_joseph
D:10:     layout_long_grid, lemuel_round_altar, orc_0_dummy, serial_shops,
          shop_statue, amcnicky_altar_lugonu_corruption
D:11:     layout_loops_corners, erik_lair_orcish_takeover,
          minmay_strange_pillars
D:12:     layout_stronghold
D:13:     layout_cave_pods, nicolae_trove_entry_columns, hangedman_decor_points
D:14:     layout_layer_cave, david_vaults_2, minmay_strange_pillars, uniq_nessos
D:15:     hellmonk_depths_entry_around_the_bend, layout_basic,
          serial_library_hellmonk_semicircle
Lair:1:   layout_chaotic_city, gauntlet_entry_generic,
          nicolae_volcano_entry_s_turn, portal_ice_cave_entry_ice_simulacra,
          uniq_gastronok
Lair:2:   gammafunk_boulding_lane, layout_layer_cave,
          hellmonk_spider_entry_life_and_decay, serial_bayou_shore_b,
          uniq_amaemon, uniq_nergalle, uniq_harold
Lair:3:   statuecave_lemuel, layout_long_grid, swamp_mist, serial_bayou_shore_a,
          grunt_megastairs_4, infiniplex_staircase_pool
Lair:4:   layout_regular_city, serial_bayou_shore_b
Lair:5:   cheibrodos_lair_end_hotspot, layout_regular_city, slime_entry_2,
          nicolae_quartered_pool_little, uniq_kirke
Swamp:1:  layout_basic_swamp, hangedman_swamp_blocks,
          nicolae_swamp_tree_isthmus, uniq_donald
Swamp:2:  layout_basic_swamp, gammafunk_ghost_grave,
          nicolae_swamp_stuck_in_the_mud, uniq_jorgrun
Swamp:3:  layout_falls_marsh, nicolae_swamp_trees_clearing, swamp_pool_1_2,
          lightli_tree_ring
Swamp:4:  swamp_fiery, layout_basic_swamp, swamp_pool_5, lemuel_altar_in_water,
          nicolae_swamp_little_swirl
Spider:1: layout_spider_delve, uniq_nikola
Spider:2: layout_spider_delve, hangedman_stitches_earthworm, uniq_arachne
Spider:3: layout_spider_delve, hangedman_spider_tarantella_strand
Spider:4: hellmonk_spider_rune_endless_swarm, gammafunk_ghost_tricky_traps
Orc:1:    layout_caves, nicolae_orc_flooded_monolith,
          nicolae_orc_all_along_the_watchtower
Orc:2:    st_orc_ogre_mass, layout_diamond_mine,
          einodemon_armed_red_devil_minivault
Elf:1:    elf_arrival_002, layout_onion_city, basic_altar,
          hangedman_elven_crosses_minicolossus, st_stairs_13
Elf:2:    nicolae_elf_blades_crystal_corner, layout_loops_cross
Elf:3:    elf_hall_gauntlet_wide, layout_gridlike
Vaults:1: nicolae_vaults_closet_pinwheel_3, nicolae_vaults_lopsided_apartments,
          nicolae_vaults_sesquioval_fish, nicolae_vaults_sealed_display,
          nicolae_vaults_closet_pinwheel_2, v_rooms_2,
          nicolae_vaults_apartment_1, nicolae_vaults_tetromino_Z_1,
          vaults_dpeg_cross, hangedman_vaults_slither,
          nicolae_vaults_little_squares_3, v_misc_13,
          nicolae_vaults_lightning_bolt, layout_vaults_omnibox
Vaults:2: nicolae_vaults_offset_grid_hallway_4, lightli_orcish_oven,
          nicolae_vaults_shipping_containers_5, v_rooms_5, grunt_vaults_focal,
          nicolae_vaults_trapezoid_lopsided_3, vaults_mumra_hexcomb,
          nicolae_vaults_surprise_closet, nicolae_vaults_yaktaur_gun_rack,
          nicolae_vaults_house_1, layout_vaults_chaotic_city
Vaults:3: nicolae_vaults_house_1, ontoclasm_vaults_loading_screen,
          nicolae_vaults_little_squares_6, nicolae_vaults_shrinking_rooms_2,
          nicolae_vaults_house_3, vaults_room_ringed_pool,
          dpeg_vaults_monster_box, v_misc_2, nicolae_vaults_sesquioval_fish,
          nicolae_vaults_corridor_and_loot_room, layout_vaults_omnicross,
          minmay_crypt_entry_simple_box, serial_shops, nicolae_shop_mannequins,
          shop, shop, shop_statue, nicolae_shop_just_a_little_nook
Vaults:4: v_alt_pattern_3, ontoclasm_vaults_eye,
          nicolae_vaults_variable_pillar_hall_cross, ontoclasm_vaults_pinch,
          ontoclasm_vaults_ligature, nicolae_vaults_house_1,
          nicolae_vaults_closet_pinwheel_5, grunt_vaults_hallway_short,
          layout_vaults_quadrants
Vaults:5: uniq_jory, uniq_bai_suzhen
Crypt:1:  layout_catacombs
Crypt:2:  layout_misc_corridors, uniq_grunn
Crypt:3:  grunt_crypt_end_deaths_head, uniq_vv
Tomb:1
Depths:1: layout_gridville, serial_shops, shop, nicolae_shop_rolled_up,
          hell_entry, nicolae_uskayaw_murder_on_the_dancefloor, pan_entry,
          minmay_mirror_moons_of_madness, uniq_mara
Depths:2: wad_courtyard, layout_cave_pools, serial_sigils,
          serial_sigils_hangedman_shear, serial_sigils_hangedman_stare,
          serial_sigils_hangedman_quiver, serial_sigils_hangedman_snap,
          hell_entry, grunt_pan_entry_sceptre, abyss_entry_glasseish,
          evilmike_butchery, infiniplex_staircase_zigzag_3
Depths:3: hangedman_arch_fort, layout_cave_shapes, abyss_entry,
          infiniplex_staircase_squiggle, hell_entry
Depths:4: grunt_zot_entry_hairpin, layout_cave_shapes, enter_ziggurat_d,
          grunt_gozag_breadcrumbs, special_room [special_room_morgue],
          hell_entry, abyss_entry_flame_altar, rand_demon_pan_entry_7,
          nicolae_dithmenos_through_a_glass_darkly
Zot:1:    layout_misc_corridors, regret_index_zotdec_obsidian_hm
Zot:2:    layout_twisted_circle, regret_index_zotdec_tunneler
Zot:3:    dreamdust_black_sun_cult, layout_gridlike, regret_index_zotdec_banners
Zot:4:    layout_concentric_octagons
Zot:5:    layout_gridlike

Notes
Turn   | Place    | Note
-------+----------+-------------------------------------------
     0 | D:1      | MackTheKnife the Mountain Dwarf Chaos Knight began the
                  | quest for the Orb.
     0 | D:1      | Reached XP level 1. HP: 19/19 MP: 1/1
     0 | D:1      | magus.rc [v1.9.6]
    35 | D:1      | XOM: silly message
    93 | D:1      | XOM: 2-stop teleportation journey
   229 | D:1      | Reached skill level 4 in Axes
   541 | D:1      | a ball python changed into a bullfrog
   541 | D:1      | Noticed a bullfrog
   541 | D:1      | XOM: polymorph ball python -> bullfrog
   542 | D:1      | XOM: butterfly on damage
   621 | D:2      | Reached XP level 2. HP: 19/26 MP: 2/2
   913 | D:2      | XOM: cloud trail
   926 | D:2      | XOM: cast spell 'Olgreb's Toxic Radiance'
  1214 | D:2      | XOM: cast spell 'Animate Armour'
  1217 | D:2      | Reached skill level 5 in Axes
  1262 | D:2      | Reached XP level 3. HP: 24/31 MP: 3/3
  1319 | D:2      | XOM: give mutations
  1319 | D:2      | Gained mutation: You have supernaturally acute eyesight.
                  | (SInv) [Xom's mischief]
  1319 | D:2      | Gained mutation: Your natural rate of healing is unusually
                  | fast. [Xom's mischief]
  1319 | D:2      | Lost mutation: Your natural rate of healing is unusually
                  | fast. [Xom's mischief]
  1319 | D:2      | Gained mutation: You are weak. (Str -2) [Xom's mischief]
  1391 | D:2      | XOM: summons 2 hostile shadow creatures
  1441 | D:2      | You pick up a book of Storms and begin reading...
  1441 | D:2      | You add the spells Static Discharge, Airstrike and Summon
                  | Lightning Spire to your library.
  1932 | D:2      | XOM: god gift: javelin
  2099 | D:2      | XOM: give mutations
  2099 | D:2      | Gained mutation: You are robust. (+10% HP) [Xom's mischief]
  2099 | D:2      | Gained mutation: You occasionally shout uncontrollably at
                  | your foes. [Xom's mischief]
  2337 | D:3      | Reached skill level 6 in Axes
  2337 | D:3      | Reached XP level 4. HP: 37/41 MP: 4/4
  2355 | D:3      | XOM: polymorph adder -> iguana
  2426 | D:3      | Found a glowing golden altar of the Shining One.
  2537 | D:3      | XOM: give mutation
  2537 | D:3      | Lost mutation: You occasionally shout uncontrollably at
                  | your foes. [Xom's mischief]
  2569 | D:3      | XOM: silly message
  2807 | D:3      | XOM: give mutations
  2807 | D:3      | Lost mutation: You have supernaturally acute eyesight.
                  | (SInv) [Xom's mischief]
  2807 | D:3      | Gained mutation: You are very weak. (Str -4) [Xom's
                  | mischief]
  3004 | D:3      | XOM: give mutations
  3004 | D:3      | Gained mutation: Armour fits poorly on your strangely
                  | shaped body. [Xom's mischief]
  3004 | D:3      | Gained mutation: Your magical capacity is low. (-10% MP)
                  | [Xom's mischief]
  3004 | D:3      | Lost mutation: Armour fits poorly on your strangely shaped
                  | body. [Xom's mischief]
  3004 | D:3      | Gained mutation: Your magical capacity is very low. (-20%
                  | MP) [Xom's mischief]
  3018 | D:3      | Found Ifimury's Antique Weapon Shoppe.
  3025 | D:3      | Bought a steaming whip for 120 gold pieces
  3025 | D:3      | Identified the +9 whip "Naqeat" {venom, rF++ rN+ Int+2}
                  | (You bought it in a shop on level 3 of the Dungeon)
  3199 | D:3      | Found a shimmering altar of Xom.
  3219 | D:3      | XOM: give mutations
  3219 | D:3      | Gained mutation: You occasionally shout uncontrollably at
                  | your foes. [Xom's mischief]
  3219 | D:3      | Gained mutation: Your spells are a little easier to cast,
                  | but a little less powerful. [Xom's mischief]
  3219 | D:3      | Lost mutation: Your spells are a little easier to cast, but
                  | a little less powerful. [Xom's mischief]
  3219 | D:3      | Lost mutation: You are very weak. (Str -4) [Xom's mischief]
  3277 | D:4      | Noticed Natasha
  3280 | D:4      | Killed Natasha
  3281 | D:4      | Reached skill level 1 in Maces & Flails
  3281 | D:4      | Reached XP level 5. HP: 49/49 MP: 4/4
  3347 | D:4      | Noticed Natasha
  3353 | D:4      | Killed Natasha
  3419 | D:4      | Reached skill level 2 in Maces & Flails
  3427 | D:4      | Reached skill level 4 in Fighting
  3462 | D:4      | Reached XP level 6. HP: 48/58 MP: 2/4
  3464 | D:4      | Reached skill level 3 in Maces & Flails
  3525 | D:4      | Noticed Natasha
  3537 | D:4      | Killed Natasha
  3781 | D:4      | Found a burning altar of Makhleb.
  3785 | D:4      | Found a glowing silver altar of Zin.
  3785 | D:4      | Noticed an angel
  3785 | D:4      | Noticed a balrug
  3916 | D:4      | XOM is BORED!
  3916 | D:4      | XOM: give mutation
  3916 | D:4      | Gained mutation: Your system is resistant to poisons.
                  | (rPois) [Xom's mischief]
  3921 | D:5      | Entered Level 5 of the Dungeon
  3945 | D:5      | Reached skill level 5 in Fighting
  3945 | D:5      | Reached skill level 4 in Maces & Flails
  3946 | D:5      | XOM: blink monster(s)
  3950 | D:5      | XOM: divination: detect creatures
  3954 | D:5      | Found a snail-covered altar of Cheibriados.
  4150 | D:5      | Reached XP level 7. HP: 67/67 MP: 5/5
  4187 | D:5      | Reached skill level 5 in Maces & Flails
  4190 | D:5      | Reached skill level 6 in Fighting
  4239 | D:5      | You pick up a book of Battle and begin reading...
  4239 | D:5      | You add the spells Fugue of the Fallen, Ozocubu's Armour
                  | and Manifold Assault to your library.
  4363 | D:5      | You pick up a book of Geomancy and begin reading...
  4363 | D:5      | You add the spells Sandblast, Stone Arrow and Brom's
                  | Barrelling Boulder to your library.
  4450 | D:5      | You pick up a book of Dreams and begin reading...
  4450 | D:5      | You add the spells Ensorcelled Hibernation and Anguish to
                  | your library.
  4472 | D:5      | Reached skill level 6 in Maces & Flails
  4827 | D:6      | You pick up a book of Vapours and begin reading...
  4827 | D:6      | You add the spells Mercury Vapours, Mephitic Cloud and
                  | Freezing Cloud to your library.
  4857 | D:6      | Reached XP level 8. HP: 60/78 MP: 6/6
  4863 | D:6      | Reached skill level 7 in Fighting
  5124 | D:6      | Reached skill level 7 in Maces & Flails
  5306 | D:6      | You pick up a book of Debilitation and begin reading...
  5306 | D:6      | You add the spells Slow, Vampiric Draining and Confusing
                  | Touch to your library.
  5328 | D:6      | Reached skill level 8 in Fighting
  5475 | D:6      | XOM: potion effect (curing)
  5508 | D:6      | XOM: noise
  5539 | D:6      | Found a white marble altar of Elyvilon.
  5658 | D:6      | Found a sparkling altar of Nemelex Xobeh.
  5658 | D:6      | Found a hide-covered altar of Uskayaw.
  5739 | D:6      | XOM: divination: magic mapping
  6024 | D:6      | XOM: god gift: potion of attraction
  6070 | D:6      | Found an iron altar of Okawaru.
  6195 | D:6      | Fell from the grace of Xom
  6195 | D:6      | Became a worshipper of Warmaster Okawaru
  6253 | D:7      | Found a blossoming altar of Fedhas.
  6258 | D:7      | Reached skill level 9 in Fighting
  6268 | D:7      | Found an ancient bone altar of Kikubaaqudgha.
  6391 | D:7      | Reached skill level 10 in Fighting
  6606 | D:7      | Found a staircase to the Ecumenical Temple.
  6616 | D:7      | Found a runed translucent door.
  6620 | D:7      | Noticed an orange crystal statue
  6628 | D:7      | Found the +10 tower shield of Ignorance {rN+ Int-4}
  6639 | D:7      | Found a runed translucent door.
  6665 | D:7      | Noticed an orange crystal statue
  6665 | D:7      | Noticed an orange crystal statue
  6665 | D:7      | Noticed an orange crystal statue
  6669 | D:7      | XOM: noise
  6684 | D:7      | Reached XP level 9. HP: 34/89 MP: 0/7
  6948 | D:7      | Reached * piety under Okawaru
  7037 | D:7      | XOM: give mutations
  7037 | D:7      | Lost mutation: Your magical capacity is very low. (-20% MP)
                  | [Xom's mischief]
  7037 | D:7      | Gained mutation: Your magical capacity is very low. (-20%
                  | MP) [Xom's mischief]
  7151 | D:7      | magus.rc [v1.9.6]
  7161 | D:7      | Reached skill level 11 in Fighting
  7401 | D:7      | You pick up a book of Touch and begin reading...
  7401 | D:7      | You add the spells Kiss of Death and Dispel Undead to your
                  | library.
  7616 | D:7      | XOM: give mutations
  7616 | D:7      | Gained mutation: You possess an exceptional clarity of
                  | mind. [Xom's mischief]
  7616 | D:7      | Gained mutation: Your natural rate of healing is unusually
                  | fast. [Xom's mischief]
  7616 | D:7      | Lost mutation: Your system is resistant to poisons. (rPois)
                  | [Xom's mischief]
  7889 | D:8      | Reached skill level 12 in Fighting
  7889 | D:8      | Reached skill level 1 in Shields
  7933 | D:8      | Found a sacrificial altar of Ru.
  7950 | D:8      | Reached skill level 2 in Shields
  7981 | D:8      | Reached skill level 3 in Shields
  8039 | D:8      | Reached skill level 4 in Shields
  8100 | D:8      | You pick up a book of Air and begin reading...
  8100 | D:8      | You add the spells Shock and Swiftness to your library.
  8134 | D:8      | Found Horet's Jewellery Shop.
  8159 | D:8      | Reached ** piety under Okawaru
  8160 | D:8      | Reached skill level 5 in Shields
  8242 | D:8      | XOM: 2-stop teleportation journey
  8296 | D:8      | Reached skill level 6 in Shields
  8435 | D:8      | Killed an unseen horror
  8436 | D:8      | Reached XP level 10. HP: 70/106 MP: 8/8
  8748 | D:8      | Noticed Pikel
  8779 | D:8      | Killed Pikel
  8779 | D:8      | Reached *** piety under Okawaru
  8780 | D:8      | Reached skill level 7 in Shields
  8942 | D:9      | Noticed a two-headed ogre
  8951 | D:9      | Reached skill level 8 in Shields
  8956 | D:9      | Killed a two-headed ogre
  8962 | D:9      | Reached skill level 9 in Shields
  8979 | D:9      | XOM: 1-stop teleportation journey
  9119 | D:9      | Found Iggikhal's Book Shop.
  9212 | D:9      | You pick up a book of Debilitation and begin reading...
  9259 | D:9      | Noticed a two-headed ogre
  9267 | D:9      | Killed a two-headed ogre
  9268 | D:9      | Reached skill level 10 in Shields
  9516 | D:9      | Found a radiant altar of Vehumet.
  9569 | D:9      | HP: 24/106 [freezing wraith (21)]
  9571 | D:9      | HP: 10/106 [freezing wraith (8)]
  9725 | D:9      | Reached skill level 11 in Shields
  9731 | D:9      | Noticed Joseph
  9733 | D:9      | Reached **** piety under Okawaru
  9750 | D:9      | Killed Joseph
  9880 | D:9      | Found the +8 frozen axe "Frostbite" {freeze, freezing
                  | cloud, *Noise Fly rC+}
  9962 | D:9      | Identified the +0 ring mail of the Furies {*Slow rF+ rN+
                  | Int+3}
 10083 | D:9      | Reached XP level 11. HP: 105/114 MP: 8/8
 10129 | D:9      | HP: 23/114 [freezing wraith (18)]
 10137 | D:9      | Reached skill level 12 in Shields
 10397 | D:9      | XOM: noise
 10454 | D:10     | Entered Level 10 of the Dungeon
 10598 | D:10     | Found a shimmering blue altar of Sif Muna.
 10836 | D:10     | Found a one-way gate to the infinite horrors of the Abyss.
 10843 | D:10     | Found a corrupted altar of Lugonu.
 10921 | D:10     | Found a staircase to the Orcish Mines.
 10987 | D:10     | Found Nofiaf Iwio's Book Emporium.
 11075 | D:10     | Reached skill level 13 in Shields
 11096 | D:10     | Reached ***** piety under Okawaru
 11307 | D:11     | XOM: 3-stop teleportation journey
 11374 | D:11     | Found a staircase to the Lair.
 11394 | D:11     | Reached skill level 7 in Axes
 11652 | D:11     | XOM: give mutation
 11652 | D:11     | Lost mutation: You occasionally shout uncontrollably at
                  | your foes. [Xom's mischief]
 12106 | D:11     | Noticed a wolf spider
 12116 | D:11     | Killed a wolf spider
 12117 | D:11     | Reached skill level 8 in Axes
 12236 | Lair:1   | Entered Level 1 of the Lair of Beasts
 12238 | Lair:1   | You pick up a book of Scorching and begin reading...
 12238 | Lair:1   | You add the spells Scorch and Flame Wave to your library.
 12272 | D:11     | XOM: noise
 12457 | Lair:1   | Noticed Gastronok
 12482 | Lair:1   | Killed Gastronok
 12483 | Lair:1   | Reached skill level 9 in Axes
 12569 | Lair:1   | Found a gate leading to a gauntlet.
 12576 | Gauntlet | Entered a Gauntlet
 12576 | Gauntlet | Found a transporter.
 12576 | Gauntlet | Found a transporter.
 12584 | Gauntlet | Found a transporter.
 12588 | Gauntlet | Found a transporter.
 12593 | Gauntlet | Noticed an oklob plant
 12596 | Gauntlet | Found a transporter.
 12600 | Gauntlet | Found a transporter.
 12605 | Gauntlet | Noticed a reaper
 12608 | Gauntlet | Found a transporter.
 12625 | Gauntlet | Found a transporter.
 12640 | Gauntlet | Found a transporter.
 12644 | Gauntlet | Found a transporter.
 12652 | Gauntlet | Found a transporter.
 12656 | Gauntlet | Found a transporter.
 12656 | Gauntlet | Noticed an arcanist
 12696 | Gauntlet | Killed an arcanist
 12697 | Gauntlet | Reached skill level 10 in Axes
 12751 | Gauntlet | Reached skill level 1 in Invocations
 12821 | Gauntlet | Reached skill level 2 in Invocations
 12846 | Gauntlet | Identified the +2 pair of gloves of Ru's Wrath {Rampage
                  | SInv}
 12869 | Gauntlet | Identified the +3 broad axe of a sewer {venom, rF+ Str+3
                  | Dex+3}
 12869 | Gauntlet | Noticed a minotaur
 12887 | Gauntlet | Killed a minotaur
 12888 | Gauntlet | Reached skill level 3 in Invocations
 12940 | Gauntlet | Identified the +6 long sword of Annihilation {elec, +Blink
                  | rPois Str-5 Stlth+}
 12995 | Lair:1   | Received a gift from Okawaru
 13177 | Lair:1   | Noticed a death yak
 13178 | Lair:1   | Noticed a death yak
 13178 | Lair:1   | Noticed a death yak
 13178 | Lair:1   | Noticed a death yak
 13189 | Lair:1   | Killed a death yak
 13190 | Lair:1   | Reached skill level 11 in Axes
 13190 | Lair:1   | Reached skill level 4 in Invocations
 13190 | Lair:1   | Reached XP level 12. HP: 123/123 MP: 9/12
 13198 | Lair:1   | Noticed a death yak
 13198 | Lair:1   | Killed a death yak
 13199 | Lair:1   | Reached skill level 5 in Invocations
 13200 | Lair:1   | Killed a death yak
 13203 | Lair:1   | Killed a death yak
 13204 | Lair:1   | Reached skill level 6 in Invocations
 13218 | Lair:1   | Killed a death yak
 13218 | Lair:1   | Received a gift from Okawaru
 13393 | Lair:1   | Reached skill level 12 in Axes
 13689 | Lair:2   | Reached skill level 7 in Invocations
 13718 | Lair:2   | Noticed Nergalle
 13731 | Lair:2   | Killed Nergalle
 13735 | Lair:2   | Reached skill level 8 in Invocations
 13765 | Lair:2   | Noticed Amaemon
 13765 | Lair:2   | XOM: 2-stop teleportation journey
 13775 | Lair:2   | Killed Amaemon
 13783 | Lair:2   | Reached skill level 13 in Axes
 13845 | Lair:2   | XOM: 4-stop teleportation journey
 13954 | Lair:2   | Reached skill level 14 in Axes
 13954 | Lair:2   | Found a hole to the Spider Nest.
 14127 | Lair:2   | Noticed a death yak
 14129 | Lair:2   | Noticed a death yak
 14131 | Lair:2   | Noticed a death yak
 14134 | Lair:2   | Noticed a death yak
 14140 | Lair:2   | Killed a death yak
 14140 | Lair:2   | Killed a death yak
 14140 | Lair:2   | Killed a death yak
 14144 | Lair:2   | Killed a death yak
 14145 | Lair:2   | Reached skill level 15 in Axes
 14153 | Lair:2   | Received a gift from Okawaru
 14171 | Lair:2   | Noticed Harold
 14183 | Lair:2   | Reached XP level 13. HP: 124/129 MP: 15/15
 14190 | Lair:2   | Killed Harold
 14414 | Lair:2   | XOM: summons 6 hostile demons
 14527 | Lair:2   | Found a transporter.
 14529 | Lair:2   | Found a transporter.
 14606 | Lair:2   | XOM: god gift: 5 stones
 14657 | Lair:2   | XOM: noise
 14809 | Lair:3   | Found a staircase to the Swamp.
 14832 | Lair:3   | Reached skill level 16 in Axes
 14916 | Lair:3   | Reached ****** piety under Okawaru
 14922 | Lair:3   | Received a gift from Okawaru
 14927 | Lair:3   | Acquired a +4 eveningstar of protection
 14927 | Lair:3   | Received a gift from Okawaru
 14929 | Lair:3   | Acquired the +1 pair of boots "Pucokoer" {rElec rCorr
                  | Int-5}
 14929 | Lair:3   | Received a gift from Okawaru
 15033 | Lair:3   | Reached skill level 17 in Axes
 15762 | Lair:4   | Reached skill level 18 in Axes
 15767 | Lair:4   | Received a gift from Okawaru
 15854 | Lair:4   | You pick up a book of the Senses and begin reading...
 15854 | Lair:4   | You add the spells Dazzling Flash, Curse of Agony and
                  | Silence to your library.
 16137 | Lair:4   | XOM: summons 2 hostile shadow creatures
 16341 | Lair:4   | You pick up a book of Storms and begin reading...
 16467 | Lair:4   | XOM: summons 1 hostile demon
 16504 | Lair:5   | Entered Level 5 of the Lair of Beasts
 16547 | Lair:5   | You pick up a book of Party Tricks and begin reading...
 16547 | Lair:5   | You add the spells Apportation, Jinxbite and Alistair's
                  | Intoxication to your library.
 16585 | Lair:5   | XOM: give mutations
 16585 | Lair:5   | Lost mutation: You possess an exceptional clarity of mind.
                  | [Xom's mischief]
 16585 | Lair:5   | Gained mutation: You are agile. (Dex +4, Str/Int -1) [Xom's
                  | mischief]
 16585 | Lair:5   | Lost mutation: You are agile. (Dex +4, Str/Int -1) [Xom's
                  | mischief]
 16585 | Lair:5   | Was forgiven by Xom
 16674 | Lair:5   | Reached skill level 19 in Axes
 16679 | Lair:5   | Received a gift from Okawaru
 16898 | Lair:5   | Reached XP level 14. HP: 138/138 MP: 16/16
 16951 | Lair:5   | Received a gift from Okawaru
 16975 | Lair:5   | Found a runed translucent door.
 17347 | Lair:5   | Noticed an azure jelly
 17348 | Lair:5   | Noticed an azure jelly
 17348 | Lair:5   | Noticed an azure jelly
 17349 | Lair:5   | Found a staircase to the Slime Pits.
 17402 | Lair:5   | Reached skill level 14 in Shields
 17442 | Lair:5   | Found a large runed translucent door.
 17506 | Lair:5   | Reached skill level 13 in Fighting
 17561 | Lair:5   | Noticed Kirke
 17578 | Lair:5   | Killed Kirke
 17587 | Lair:5   | Received a gift from Okawaru
 17634 | Lair:5   | Found a large runed translucent door.
 18121 | Orc:1    | Entered Level 1 of the Orcish Mines
 18597 | Orc:2    | Entered Level 2 of the Orcish Mines
 18647 | Orc:2    | Reached skill level 15 in Shields
 18863 | Orc:2    | Found a staircase to the Elven Halls.
 19074 | Orc:2    | Received a gift from Okawaru
 19075 | Orc:2    | Reached skill level 14 in Fighting
 19097 | Orc:2    | Found Benaw's Magic Scroll Shoppe.
 19097 | Orc:2    | Found Eklum's Magic Scroll Boutique.
 19097 | Orc:2    | Found Montock's General Store.
 19097 | Orc:2    | Found Qoyhask's General Store.
 19144 | Orc:2    | Paralysed by an ogre mage for 5 turns
 19148 | Orc:2    | Received a gift from Okawaru
 19149 | Orc:2    | Reached XP level 15. HP: 123/152 MP: 15/16
 19177 | Orc:2    | Bought a scroll of enchant armour for 97 gold pieces
 19177 | Orc:2    | Bought 3 scrolls of teleportation for 117 gold pieces
 19179 | Orc:2    | Bought a scroll of enchant armour for 90 gold pieces
 19492 | Elf:1    | Entered Level 1 of the Elven Halls
 19509 | Elf:1    | Reached skill level 16 in Shields
 19560 | Elf:1    | Reached skill level 15 in Fighting
 19628 | Elf:1    | Received a gift from Okawaru
 19633 | Elf:1    | Paralysed by an air elemental for 1 turns
 19646 | Elf:1    | Paralysed by an air elemental for 1 turns
 19651 | Elf:1    | Reached skill level 16 in Fighting
 19930 | Elf:1    | You fall into a shaft and drop 1 floor!
 20022 | Elf:2    | Reached skill level 17 in Fighting
 20062 | Elf:2    | Received a gift from Okawaru
 20111 | Elf:2    | Found a runed translucent gate.
 20111 | Elf:2    | Found a runed translucent gate.
 20112 | Elf:2    | Found a runed translucent gate.
 20328 | Elf:2    | Reached skill level 18 in Fighting
 20340 | Elf:2    | Reached skill level 1 in Dodging
 20483 | Elf:2    | Reached skill level 3 in Armour
 20497 | Elf:2    | Reached skill level 2 in Dodging
 20532 | Elf:2    | Reached skill level 4 in Armour
 20548 | Elf:2    | Received a gift from Okawaru
 20624 | Elf:2    | Reached XP level 16. HP: 64/172 MP: 11/17
 20741 | Elf:2    | Reached skill level 3 in Dodging
 20747 | Elf:2    | Noticed a Hell Sentinel
 20750 | Elf:2    | Reached skill level 5 in Armour
 20758 | Elf:2    | Identified the ring "Soewom" {rPois rF- Int-3 Dex+6 Stlth+}
 20911 | Elf:2    | Received a gift from Okawaru
 20912 | Elf:2    | Reached skill level 6 in Armour
 20914 | Elf:2    | Reached skill level 4 in Dodging
 21338 | Elf:1    | Reached skill level 7 in Armour
 21458 | Elf:1    | Received a gift from Okawaru
 21470 | Elf:1    | Reached skill level 5 in Dodging
 21496 | Elf:1    | Reached skill level 8 in Armour
 21523 | Elf:1    | You add the spells Sting and Olgreb's Toxic Radiance to
                  | your library.
 21611 | Elf:1    | Found a shimmering blue altar of Sif Muna.
 21782 | Elf:1    | Paralysed by an air elemental for 1 turns
 22149 | Elf:3    | Entered Level 3 of the Elven Halls
 22156 | Elf:3    | Paralysed by an air elemental for 1 turns
 22163 | Elf:3    | Received a gift from Okawaru
 22286 | Elf:3    | Reached skill level 9 in Armour
 22286 | Elf:3    | Reached skill level 6 in Dodging
 22439 | Elf:3    | Identified the +1 battleaxe "Safy" {elec, rElec rF+ Int-2
                  | Stlth+}
 22587 | Elf:3    | Paralysed by an air elemental for 1 turns
 22734 | Elf:3    | Noticed a Hell Sentinel
 22737 | Elf:3    | Noticed a Tzitzimitl
 22742 | Elf:3    | Reached skill level 10 in Armour
 23190 | Elf:3    | Identified the amulet "Visudghu" {Will++ Regen+ rCorr
                  | Stlth-}
 23190 | Elf:3    | a deep elf zephyrmancer comes into view. It is wielding the
                  | +10 zealot's sword {holy, Zealotry, *Rage rN+ EV+3},
                  | wearing the amulet "Visudghu" {Will++ Regen+ rCorr Stlth-}
                  | and carrying a wand of polymorph.
 23246 | Elf:3    | Noticed a deep elf master archer
 23275 | Elf:3    | Noticed a deep elf blademaster
 23296 | Elf:3    | Killed a deep elf blademaster
 23296 | Elf:3    | Received a gift from Okawaru
 23316 | Elf:3    | Reached skill level 11 in Armour
 23351 | Elf:3    | Reached XP level 17. HP: 176/178 MP: 18/18
 23361 | Elf:3    | Killed a deep elf master archer
 23362 | Elf:3    | Reached skill level 7 in Dodging
 23405 | Elf:3    | Identified the +2 plate armour of the Candlemaker {rC+
                  | Str-5 Stlth+}
 23405 | Elf:3    | Noticed a deep elf blademaster
 23416 | Elf:3    | Noticed a deep elf master archer
 23435 | Elf:3    | Killed a deep elf blademaster
 23443 | Elf:3    | Killed a deep elf master archer
 23471 | Elf:3    | Identified the +6 shortbow of Nogoyleshey {flame, rC- Str+4
                  | Int+2 Dex+2}
 23496 | Elf:3    | You add the spells Momentum Strike and Arcjolt to your
                  | library.
 23496 | Elf:3    | Got the Thoughts on Prime Kinetic Energy
 23499 | Elf:3    | You pick up a book of Vapours and begin reading...
 23504 | Elf:3    | You pick up a book of Dangerous Friends and begin
                  | reading...
 23506 | Elf:3    | You pick up a book of Chaos and begin reading...
 23506 | Elf:3    | You add the spells Conjure Ball Lightning, Disjunction and
                  | Discord to your library.
 23511 | Elf:3    | Identified the +6 dagger "Qevouk" {venom, rF+ Str+2 Dex+3}
 23515 | Elf:3    | You pick up a book of Transmutation and begin reading...
 23515 | Elf:3    | You add the spells Sublimation of Blood, Petrify and
                  | Irradiate to your library.
 23517 | Elf:3    | Got Vemoheca's Atlas of Destined Blasphemous Arts
 23600 | Elf:3    | You pick up a book of Spatial Translocations and begin
                  | reading...
 23600 | Elf:3    | You add the spells Blink and Lesser Beckoning to your
                  | library.
 23602 | Elf:3    | You pick up a book of Spectacle and begin reading...
 23602 | Elf:3    | You add the spells Starburst and Maxwell's Capacitive
                  | Coupling to your library.
 24398 | D:12     | Identified a scroll of acquirement
 24399 | D:12     | Acquired 429 gold pieces
 24695 | D:13     | Reached skill level 12 in Armour
 24983 | D:13     | Found a portal to a secret trove of treasure.
 25065 | D:13     | You pick up a book of Callings and begin reading...
 25132 | D:13     | Reached skill level 8 in Dodging
 25142 | D:13     | Received a gift from Okawaru
 25559 | D:14     | Acquired 747 gold pieces
 25872 | D:14     | Noticed Nessos
 25919 | D:14     | Found a gate to the Vaults.
 25932 | D:14     | Reached skill level 9 in Dodging
 25935 | D:14     | Killed Nessos
 26253 | D:14     | You pick up a book of Blood and begin reading...
 26646 | D:15     | Entered Level 15 of the Dungeon
 26653 | D:15     | Received a gift from Okawaru
 26686 | D:15     | You pick up a book of Displacement and begin reading...
 26686 | D:15     | You add the spells Teleport Other and Maxwell's Portable
                  | Piledriver to your library.
 26878 | D:15     | Found a staircase to the Depths.
 26964 | D:15     | Reached skill level 10 in Dodging
 27375 | Lair:1   | magus.rc [v1.9.6]
 27626 | Spider:1 | Entered Level 1 of the Spider Nest
 27709 | Spider:1 | Received a gift from Okawaru
 27719 | Spider:1 | Reached skill level 1 in Shapeshifting
 27819 | Spider:1 | Noticed Nikola
 27842 | Spider:1 | Killed Nikola
 27952 | Spider:1 | Reached skill level 2 in Shapeshifting
 28099 | Spider:1 | You pick up a book of the Dragon and begin reading...
 28099 | Spider:1 | You add the spells Cause Fear and Fireball to your library.
 28365 | Spider:2 | You pick up a book of Annihilations and begin reading...
 28365 | Spider:2 | You add the spells Chain Lightning, Fire Storm and Shatter
                  | to your library.
 28398 | Spider:2 | Reached skill level 3 in Shapeshifting
 28436 | Spider:2 | Received a gift from Okawaru
 28462 | Spider:2 | Reached XP level 18. HP: 180/190 MP: 19/19
 28523 | Spider:2 | You pick up a book of Air and begin reading...
 28552 | Spider:2 | You pick up a book of Power and begin reading...
 28552 | Spider:2 | You add the spells Iskenderun's Battlesphere and Bombard to
                  | your library.
 28636 | Spider:2 | Reached skill level 4 in Shapeshifting
 28703 | Spider:2 | You pick up a book of Frost and begin reading...
 28703 | Spider:2 | You add the spells Freeze, Frozen Ramparts and Hailstorm to
                  | your library.
 28815 | Spider:2 | Received a gift from Okawaru
 28816 | Spider:2 | Reached skill level 19 in Fighting
 28829 | Spider:2 | p - +0 shadow dragon scales {rare}
 28915 | Spider:2 | You pick up a book of Frost and begin reading...
 28919 | Spider:2 | Noticed Arachne
 28944 | Spider:2 | Killed Arachne
 29192 | Spider:3 | Reached skill level 5 in Shapeshifting
 29978 | Spider:4 | Entered Level 4 of the Spider Nest
 29992 | Spider:4 | Found a runed translucent gate.
 29992 | Spider:4 | Found a runed translucent gate.
 29992 | Spider:4 | Found a runed translucent gate.
 30007 | Spider:4 | Noticed Motium's ghost (adept SpEn)
 30040 | Spider:4 | Reached skill level 6 in Shapeshifting
 30051 | Spider:4 | Received a gift from Okawaru
 30360 | Spider:4 | Reached skill level 7 in Shapeshifting
 30369 | Spider:4 | Reached skill level 20 in Fighting
 30381 | Spider:4 | Received a gift from Okawaru
 30569 | Spider:4 | Reached skill level 8 in Shapeshifting
 30806 | Spider:4 | Got a gossamer rune of Zot
 30949 | Spider:4 | Killed Motium's ghost
 30959 | Spider:4 | Identified the +0 hat of the Chewing Bones {Will+ Dex+2}
 31005 | Spider:4 | You pick up a book of Touch and begin reading...
 31363 | D:4      | Fell from the grace of Okawaru
 31363 | D:4      | Became a worshipper of Makhleb the Destroyer
 31633 | Swamp:1  | Entered Level 1 of the Swamp
 31643 | Swamp:1  | Reached skill level 9 in Shapeshifting
 31764 | Swamp:1  | Reached XP level 19. HP: 163/203 MP: 20/20
 31914 | Swamp:1  | Noticed Donald
 31931 | Swamp:1  | Killed Donald
 31931 | Swamp:1  | Reached * piety under Makhleb
 32309 | Swamp:2  | Noticed Jorgrun
 32321 | Swamp:2  | Killed Jorgrun
 32326 | Swamp:2  | Reached skill level 10 in Shapeshifting
 32578 | Swamp:2  | HP: 46/203 [orc warlord/bolt[the fury of Okawaru] (16)]
 32584 | Swamp:2  | HP: 37/203 [merfolk impaler/+5 trident of protection[the
                  | fury of Okawaru] (11)]
 32810 | Swamp:2  | You are cast into the Abyss!
 32810 | Abyss:2  | Found a corrupted altar of Lugonu.
 32810 | Abyss:2  | Cast into level 2 of the Abyss (merfolk impaler)
 32842 | Abyss:2  | Found a corrupted altar of Lugonu.
 32891 | Abyss:2  | Found a corrupted altar of Lugonu.
 32963 | Swamp:2  | You pass through the gate.
 32963 | Swamp:2  | Escaped the Abyss
 32983 | Swamp:2  | Reached ** piety under Makhleb
 33064 | Swamp:2  | Reached skill level 11 in Shapeshifting
 33217 | Swamp:2  | Found a runed translucent door.
 33217 | Swamp:2  | Noticed Upitte's ghost (adept OnHs)
 33257 | Swamp:2  | Killed Upitte's ghost
 33751 | Orc:2    | Bought a scroll of teleportation for 33 gold pieces
 33754 | Orc:2    | Bought a scroll of teleportation for 36 gold pieces
 33754 | Orc:2    | Bought a scroll of teleportation for 36 gold pieces
 33755 | Orc:2    | Bought a scroll of summoning for 142 gold pieces
 34183 | Swamp:3  | HP: 49/203 [14-headed hydra (4)]
 34193 | Swamp:3  | HP: 16/203 [spore (32)]
 34281 | Swamp:2  | HP: 44/203 [deep elf archer/arrow[the fury of Okawaru]
                  | (12)]
 34417 | Swamp:3  | You pick up a book of Unlife and begin reading...
 34417 | Swamp:3  | You add the spells Animate Dead, Borgnjor's Vile Clutch and
                  | Death Channel to your library.
 34822 | Swamp:4  | Entered Level 4 of the Swamp
 34885 | Swamp:4  | Reached skill level 12 in Shapeshifting
 34885 | Swamp:4  | Reached *** piety under Makhleb
 35044 | Swamp:4  | Found a bloodstained altar of Trog.
 35305 | Swamp:4  | Got a decaying rune of Zot
 36173 | Vaults:1 | Entered Level 1 of the Vaults
 36264 | Vaults:1 | You pick up a book of Blasting and begin reading...
 36264 | Vaults:1 | You add the spells Volatile Blastmotes, Fulminant Prism and
                  | Iskenderun's Mystic Blast to your library.
 36375 | Vaults:1 | Reached skill level 13 in Shapeshifting
 36430 | Vaults:1 | Reached **** piety under Makhleb
 37061 | Vaults:1 | Reached skill level 14 in Shapeshifting
 37162 | Vaults:1 | Reached XP level 20. HP: 212/212 MP: 21/21
 37430 | Vaults:2 | Reached ***** piety under Makhleb
 37792 | Vaults:2 | Paralysed by a formless jellyfish for 1 turns
 38168 | Vaults:2 | Reached skill level 15 in Shapeshifting
 38169 | Vaults:2 | Identified the +4 long sword of Fear {spect, ^Drain rPois
                  | rC+ Int+3}
 38174 | Vaults:2 | You drop +0 shadow dragon scales {rare}.
 38179 | Vaults:2 | p - +0 shadow dragon scales {rare}
 38190 | Vaults:2 | You finish putting on your +0 shadow dragon scales {rare}.
 39004 | Vaults:3 | Found a staircase to the Crypt.
 39044 | Vaults:3 | Found Tudij's Distillery.
 39058 | Vaults:3 | Reached skill level 16 in Shapeshifting
 39121 | Vaults:3 | Found Lammaank's Armour Boutique.
 39123 | Vaults:3 | Identified a +0 crystal plate armour
 39138 | Vaults:3 | Found Gimo's Antique Weapon Boutique.
 39268 | Vaults:3 | Was forgiven by Okawaru
 39279 | Vaults:3 | Found Zocloil's Jewellery Emporium.
 39641 | Vaults:3 | Reached ****** piety under Makhleb
 39707 | Vaults:3 | Identified the ring "Ytwakkos" {Dex+5 Slay+4}
 39917 | Vaults:3 | Found Zaplori's Antique Weapon Boutique.
 40267 | Vaults:4 | Reached skill level 17 in Shapeshifting
 40399 | Vaults:4 | Identified 2 potions of experience
 40404 | Vaults:4 | Reached XP level 21. HP: 221/221 MP: 21/21
 40405 | Vaults:4 | Reached skill level 18 in Shapeshifting
 40405 | Vaults:4 | Reached XP level 22. HP: 229/229 MP: 22/22
 40442 | Vaults:4 | Identified the +3 glaive "Leresig" {holy, rF+ Str+2 Dex+3}
 40600 | Vaults:4 | Reached XP level 23. HP: 236/236 MP: 23/23
 41532 | D:8      | Bought a granite talisman for 720 gold pieces
 41532 | D:8      | Bought the ring "Gaigipu" {Ice rPois Int+4 Dex+6} for 686
                  | gold pieces
 41537 | D:8      | your +0 shadow dragon scales {rare} melds into your body.
 41835 | Vaults:5 | Entered Level 5 of the Vaults
 41835 | Vaults:5 | Noticed Bai Suzhen
 41877 | Vaults:5 | Noticed an ancient lich
 41895 | Vaults:4 | Killed Bai Suzhen
 41896 | Vaults:4 | Reached skill level 19 in Shapeshifting
 42148 | Vaults:4 | Killed an ancient lich
 42416 | Vaults:5 | You pick up a book of Lightning and begin reading...
 42416 | Vaults:5 | You add the spells Vhi's Electric Charge and Plasma Beam to
                  | your library.
 42473 | Vaults:5 | Reached skill level 20 in Shapeshifting
 42489 | Vaults:5 | Noticed Jory
 42507 | Vaults:5 | Noticed an ancient lich
 42513 | Vaults:5 | Killed Jory
 42518 | Vaults:5 | Killed an ancient lich
 42520 | Vaults:5 | +0 storm dragon scales {rare}; a storm dragon corpse
 42530 | Vaults:5 | +0 storm dragon scales {rare}; a storm dragon corpse
 42610 | Vaults:5 | Identified the +5 war axe of Makhleb's Displeasure {elec,
                  | +Blink rElec Dex-5}
 42766 | Vaults:5 | Identified the +0 rapier "Ygreif Edwue" {flame, Int+3
                  | Dex-2}
 42782 | Vaults:5 | Identified the +1 hand axe of the Briny Deep {holy, +Blink
                  | Dex+3 SInv}
 42850 | Vaults:5 | Got a silver rune of Zot
 42854 | Vaults:5 | You add the spells Gell's Gavotte and Malign Gateway to
                  | your library.
 42854 | Vaults:5 | Got the Directory of Places
 42907 | Vaults:5 | You pick up a book of Vapours and begin reading...
 42939 | Vaults:5 | a vault warden comes into view. It is wielding the +7
                  | Spriggan's Knife {stab, EV+4 Stlth+}.
 43009 | Vaults:5 | Identified the +11 hand axe of Niuvat {holy, Will+}
 43028 | Vaults:5 | Reached skill level 21 in Shapeshifting
 43110 | Vaults:5 | You pick up a book of Air and begin reading...
 43158 | Vaults:5 | Identified the +6 plate armour of the World {rF+ Will+
                  | SInv}
 43403 | Vaults:5 | +0 shadow dragon scales {rare}; a shadow dragon skeleton
 43409 | Vaults:5 | +0 shadow dragon scales {rare}; a shadow dragon skeleton
 43426 | Vaults:5 | +0 shadow dragon scales {rare}; a shadow dragon skeleton
 43920 | Depths:1 | Entered Level 1 of the Depths
 43956 | Depths:1 | Found a one-way gate leading to the halls of Pandemonium.
 44006 | Depths:1 | Reached XP level 24. HP: 246/246 MP: 23/23
 44052 | Depths:1 | Found Nicoul's Distillery.
 44060 | Depths:1 | Bought a potion of heal wounds for 105 gold pieces
 44095 | Depths:1 | Noticed Mara
 44099 | Depths:1 | Noticed MackTheKnife's illusion
 44110 | Depths:1 | Killed Mara
 44172 | Depths:1 | You pick up a book of Death and begin reading...
 44172 | Depths:1 | You add the spells Haunt and Infestation to your library.
 44197 | Depths:1 | Found Genul's Magic Scroll Shop.
 44200 | Depths:1 | Bought a scroll of enchant armour for 135 gold pieces
 44200 | Depths:1 | Bought a scroll of revelation for 135 gold pieces
 44249 | Depths:1 | Identified the +7 long sword "Oralumuv" {freeze, Fly Int+3}
 44509 | Depths:1 | Found a gateway to Hell.
 44585 | Depths:1 | Found a hide-covered altar of Uskayaw.
 44848 | Depths:2 | Identified the +5 ring mail of the Onion {rN+}
 44861 | Depths:2 | Reached skill level 22 in Shapeshifting
 45211 | Depths:2 | Identified the +0 chain mail "Zeg Veho" {rPois Str+3
                  | Slay+2}
 45373 | Depths:2 | Identified the ring "Enuq" {Fire Fly rPois Str+2 Int+5
                  | Stlth-}
 45794 | Depths:2 | Identified the +0 flail of the Forest {elec, rElec}
 45967 | Depths:3 | Reached skill level 23 in Shapeshifting
 46130 | Depths:3 | HP: 62/310 [living spell/divine providence[a walking divine
                  | tome] (18)]
 46235 | Depths:3 | You pick up a book of the Wilderness and begin reading...
 46235 | Depths:3 | You add the spells Summon Forest and Summon Mana Viper to
                  | your library.
 46420 | Depths:3 | You add the spells Leda's Liquefaction and Passage of
                  | Golubria to your library.
 46420 | Depths:3 | Got the Encyclopedia of Dimensional Distillation
 46845 | Depths:4 | Entered Level 4 of the Depths
 46868 | Depths:4 | +0 shadow dragon scales {rare}; a shadow dragon corpse
 46916 | Depths:4 | Found a one-way gateway to a ziggurat.
 47021 | Depths:4 | Reached skill level 13 in Armour
 47045 | Depths:4 | Noticed an ancient lich
 47051 | Depths:4 | Reached XP level 25. HP: 256/256 MP: 23/23
 47056 | Depths:4 | Killed an ancient lich
 47059 | Depths:4 | Reached skill level 17 in Shields
 47071 | Depths:4 | +0 shadow dragon scales {rare}; a shadow dragon corpse
 47271 | Depths:4 | Found a gate to the Realm of Zot.
 47347 | Depths:4 | Reached skill level 21 in Fighting
 47375 | Depths:4 | Identified the +9 scale mail of Forking Paths {rF+ rC-
                  | Stlth+}
 47410 | Depths:4 | Got Bemaint's Tome of Unspeakable Acts
 47442 | Depths:4 | Found a corrupted altar of Lugonu.
 47484 | Depths:4 | Found an opulent altar of Gozag.
 47557 | Depths:4 | Found a shadowy altar of Dithmenos.
 47769 | Depths:4 | your +0 shadow dragon scales {rare} unmelds from your body.
 48004 | Crypt:1  | Entered Level 1 of the Crypt
 48022 | Crypt:1  | Reached skill level 14 in Armour
 48039 | Crypt:1  | You pick up a book of Fire and begin reading...
 48235 | Crypt:1  | You fall into a shaft and drop 1 floor!
 48387 | Crypt:2  | Noticed Grunn
 48395 | Crypt:2  | Noticed a curse skull
 48455 | Crypt:2  | Killed Grunn
 48479 | Crypt:2  | Killed a curse skull
 48637 | Crypt:2  | You pick up a book of Debilitation and begin reading...
 49033 | Crypt:2  | You finish removing your +0 shadow dragon scales {rare}.
 49038 | Crypt:2  | You drop +0 shadow dragon scales {rare}.
 49054 | Crypt:3  | Entered Level 3 of the Crypt
 49159 | Crypt:3  | Found a basalt altar of Yredelemnul.
 49171 | Crypt:3  | Reached skill level 18 in Shields
 49340 | Crypt:3  | Reached skill level 15 in Armour
 49341 | Crypt:3  | Found the +7 sceptre of Torment {pain, torment}
 49356 | Crypt:3  | Got Hermeneutics in Simple Steps
 49476 | Crypt:3  | You pick up a book of Geomancy and begin reading...
 49673 | Crypt:3  | Noticed Vv
 49710 | Crypt:3  | Killed Vv
 49918 | Crypt:3  | Identified the ring of Ignis's Pride {Will+ Str+2}
 49942 | Crypt:3  | Reached skill level 22 in Fighting
 49980 | Crypt:3  | You pick up a book of Battle and begin reading...
 49981 | Crypt:3  | Identified the +9 short sword of the Conjuring Gods {drain,
                  | rC+++}
 49993 | Crypt:3  | Identified the +1 shortbow "Boqis" {heavy, rF++ Will-
                  | Dex+4}
 50079 | Crypt:3  | Found a staircase to the Tomb.
 50131 | Crypt:3  | You pick up a book of Dangerous Friends and begin
                  | reading...
 50141 | Tomb:1   | Entered Level 1 of the Tomb of the Ancients
 50453 | Tomb:1   | Reached skill level 19 in Shields
 50453 | Tomb:1   | Reached XP level 26. HP: 269/272 MP: 23/23
 50453 | Tomb:1   | Noticed a royal mummy
 50460 | Tomb:1   | Reached skill level 16 in Armour
 50477 | Tomb:1   | Killed a royal mummy
 51366 | Depths:1 | magus.rc [v1.9.6]
 51392 | Depths:4 | +0 shadow dragon scales {rare}; a shadow dragon skeleton
 51470 | Zot:1    | Entered Level 1 of the Realm of Zot
 51615 | Zot:5    | Entered Level 5 of the Realm of Zot
 51690 | Zot:5    | Got a prismatic gem with 796 turns to spare
 51765 | Zot:5    | Noticed a dread lich
 51768 | Zot:5    | Noticed an ancient lich
 51777 | Zot:5    | Killed a dread lich
 51785 | Zot:5    | Killed an ancient lich
 51826 | Zot:5    | Noticed a dread lich
 51843 | Zot:5    | Killed a dread lich
 51862 | Zot:5    | Noticed an electric golem
 51878 | Zot:5    | Noticed an orb of fire
 51888 | Zot:5    | Killed an electric golem
 51890 | Zot:5    | Noticed an ancient lich
 51895 | Zot:5    | Reached skill level 20 in Shields
 51911 | Zot:5    | Killed an ancient lich
 51912 | Zot:5    | Reached skill level 17 in Armour
 51914 | Zot:5    | Killed an orb of fire
 52068 | Zot:5    | Reached skill level 18 in Armour
 52080 | Zot:5    | Got the Orb of Zot
 52102 | Zot:5    | Noticed a curse toe
 52126 | Zot:5    | Killed a curse toe
 52216 | Zot:5    | Noticed an ancient lich
 52236 | Zot:5    | Killed an ancient lich
 52237 | Zot:5    | Reached skill level 19 in Armour
 52298 | Zot:4    | Noticed an orb of fire
 52474 | Depths:4 | +0 shadow dragon scales {rare}; a shadow dragon skeleton
 52712 | D:7      | Noticed Usofom the pandemonium lord
 52930 | D:1      | Noticed Unaobbaf the pandemonium lord
 52945 | D:1      | Killed Unaobbaf the pandemonium lord
 53008 | D:$      | Escaped with the Orb!

Vanquished Creatures
  2 dread liches (Zot:5)
  An orb of fire (Zot:5)
  6 ancient liches
  Mara (Depths:1)
  A royal mummy (Tomb:1)
  Bai Suzhen (Vaults:4)
  A Killer Klown (Zot:5)
  Vv (Crypt:3)
  A curse toe (Zot:5)
  Nikola (Spider:1)
  3 golden dragons
  A profane servitor (Crypt:3)
  A bone dragon (Crypt:3)
  Arachne (Spider:2)
  A pandemonium lord (D:1)
  Jory (Vaults:5)
  3 doom hounds (Crypt:2)
  An electric golem (Zot:5)
  A Tzitzimitl (Zot:5)
  Jorgrun (Swamp:2)
  4 tentacled monstrosities
  2 walking crystal tomes (Depths:4)
  26 Orb Guardians
  2 deep elf master archers (Elf:3)
  8 liches
  6 deep elf blademasters
  2 walking frostbound tomes
  11 sphinxes
  Grunn (Crypt:2)
  A quicksilver dragon (Vaults:5)
  6 titans
  The ghost of Upitte the Warrior, an adept OnHs of Yredelemnul (Swamp:2)
  Gastronok (Lair:1)
  2 walking divine tomes (Depths:3)
  3 death cobs
  An Executioner (Zot:5)
  3 ancient champions
  7 shadow dragons
  Donald (Swamp:1)
  7 storm dragons
  Kirke (Lair:5)
  9 tengu reavers
  2 revenants
  A fenstrider witch (Swamp:4)
  12 fire giants
  A daeva (Depths:4)
  2 draconian monks
  A draconian shifter (Depths:4)
  17 frost giants
  16 vault wardens
  An iron dragon (Depths:2)
  7 deep elf sorcerers
  5 ghost moths
  A cacodemon (Depths:4)
  A curse skull (Crypt:2)
  An emperor scorpion (Spider:3)
  2 balrugs
  2 ghouls
  The ghost of Motium the Unseen, an adept SpEn of Uskayaw (Spider:4)
  A spriggan defender (Depths:3)
  13 ironbound preservers
  4 formless jellyfish
  8 broodmothers
  7 orc warlords
  6 ironbound thunderhulks
  A juggernaut skeleton (Tomb:1)
  12 very ugly things
  30 stone giants
  3 green draconians
  6 deep elf demonologists
  A purple draconian (Zot:2)
  3 lorocyprocas
  5 eleionomae
  13 vampire knights
  Nessos (D:14)
  11 deep elf death magi
  5 white draconians
  2 black draconians
  3 deep elf annihilators
  2 war gargoyles
  2 minotaurs
  7 bunyips
  2 red draconians
  5 yellow draconians
  6 spark wasps
  15 ettins
  A green death (D:14)
  16 jiangshi (Crypt:3)
  2 blizzard demons
  4 merfolk javelineers
  10 mummy priests (Tomb:1)
  5 entropy weavers
  7 merfolk impalers
  9 yaktaur captains
  An entropy weaver (shapeshifter) (D:15)
  4 deep elf high priests
  10 fire dragons
  15 hydras
  3 rakshasas (Depths:2)
  7 ice dragons
  A quicksilver dragon skeleton (Crypt:2)
  4 great orbs of eyes
  3 hell beasts
  2 sphinx zombies
  A spectral tengu (Depths:4)
  5 ironbound frosthearts
  4 jorogumos
  29 vault guards
  Harold (Lair:2)
  A spriggan skeleton (Crypt:2)
  4 peacekeepers
  6 ogre magi
  5 radroaches (Spider:4)
  A ghost crab (Swamp:3)
  5 spriggan air magi
  2 deep troll shamans
  3 death knights
  6 alligators
  33 dancing weapons
  2 catoblepae
  28 centaur warriors
  2 hell hogs (Lair:5)
  10 boulder beetles
  12 deep troll earth magi
  8 demonic crawlers
  14 two-headed ogres
  9 death yaks
  7 vampire magi
  5 death scarabs (Tomb:1)
  3 occultists
  11 tengu warriors
  4 naga warriors
  2 soul eaters (Depths:4)
  A naga sharpshooter (Vaults:2)
  3 spriggan berserkers
  A storm dragon zombie (Tomb:1)
  6 sun demons
  7 iron trolls
  A sixfirhy (Depths:2)
  13 spriggans
  Nergalle (Lair:2)
  23 deep elf knights
  A titan skeleton (Abyss:2)
  8 hell knights
  Amaemon (Lair:2)
  A death drake (Swamp:3)
  21 deep elf archers
  8 goliath frogs
  6 shadow wraiths
  A skyshark (shapeshifter) (Vaults:5)
  6 pharaoh ants
  35 skeletal warriors
  A skyshark (Lair:5)
  6 flayed ghosts
  12 orb spiders
  4 glowing orange brains
  3 spriggan druids
  37 deep trolls
  9 bog bodies
  A glowing orange brain (shapeshifter) (Vaults:5)
  4 large abominations
  A shadow dragon zombie (Depths:4)
  12 arcanists
  A sun moth (shapeshifter) (Depths:1)
  7 thermic dynamos
  3 sun moths
  8 swamp dragons
  9 lindwurms
  An orb spider (shapeshifter) (Vaults:5)
  Pikel (D:8)
  11 phantasmal warriors
  35 deep elf zephyrmancers
  15 ironbound convokers
  9 necromancers
  21 orc knights
  9 steelbarb worms
  17 harpies
  4 will-o-the-wisps
  An iron dragon zombie (Crypt:1)
  2 cyclopes (D:15)
  An orc sorcerer (Orc:2)
  36 ugly things
  A shining eye (shapeshifter) (Depths:4)
  6 manticores
  39 deep elf pyromancers
  23 wolf spiders
  5 moths of wrath
  2 stone giant zombies
  2 salamanders
  A centaur zombie (Crypt:3)
  A shock serpent zombie (Crypt:2)
  A fire giant skeleton (Crypt:2)
  6 meliai
  Joseph (D:9)
  A stone giant skeleton (Crypt:3)
  3 kobold blastminers
  An orange demon (Lair:2)
  A water nymph (shapeshifter) (Vaults:5)
  12 vault sentinels
  A gargoyle (D:13)
  3 smoke demons
  A cane toad (shapeshifter) (Elf:2)
  11 elephants
  2 molten gargoyles (Lair:5)
  10 black mambas
  4 cane toads
  6 torpor snails
  A dire elephant skeleton (Tomb:1)
  34 yaktaurs
  3 efreet
  2 unseen horrors
  A rime drake (shapeshifter) (D:15)
  10 komodo dragons
  A tormentor (Zot:2)
  9 freezing wraiths
  A tengu conjurer (Depths:1)
  7 guardian mummies (Tomb:1)
  3 rime drakes
  2 ice devils
  5 red devils
  25 merfolk
  A hydra zombie (Tomb:1)
  A pale draconian skeleton (Crypt:1)
  A merfolk (shapeshifter) (Vaults:5)
  2 harpy zombies
  5 polar bears
  12 tyrant leeches
  24 jumping spiders
  6 trolls
  12 hornets
  4 raiju (Abyss:2)
  12 tarantellas
  2 glass eyes
  15 blink frogs
  11 dream sheep
  20 culicivoras
  A ynoxinul (D:1)
  10 slime creatures
  2 shadows (Crypt:3)
  2 culicivoras (shapeshifter)
  An ushabti (Tomb:1)
  A spriggan (shapeshifter) (D:15)
  An orc simulacrum (Crypt:1)
  54 yaks
  2 water elementals (Depths:2)
  7 wraiths
  7 wyverns
  A human (Lair:5)
  2 hogs (Lair:5)
  An ice dragon skeleton (Tomb:1)
  3 fire elementals
  4 wargs
  5 air elementals
  10 basilisks
  A chaos spawn (Abyss:2)
  5 steam dragons
  33 redbacks
  16 swamp worms
  15 vampire mosquitoes
  3 small abominations (Crypt:3)
  5 hell hounds (Lair:5)
  2 acid dragons
  7 nagas
  17 water moccasins
  17 swamp drakes
  A sky beast (D:7)
  27 laughing skulls
  27 orc warriors
  4 black bears
  3 ice beasts
  A lindwurm skeleton (Crypt:1)
  27 ogres
  18 wolves
  A phantom (D:5)
  A snapping turtle skeleton (Crypt:1)
  10 centaurs
  2 lemures (D:8)
  A vine stalker zombie (Crypt:1)
  A weeping skull (Gauntlet)
  4 earth elementals
  3 scorpions
  12 bullfrogs
  A deep troll simulacrum (Crypt:1)
  4 burial acolytes (Crypt:3)
  20 wights
  3 killer bees (D:9)
  An electric eel (Lair:3)
  A yak skeleton (Crypt:2)
  9 howler monkeys
  A raiju skeleton (Crypt:2)
  2 crimson imps (Gauntlet)
  5 lava snakes (Lair:5)
  26 orc priests
  A hound (D:5)
  A sleepcap (D:5)
  3 iguanas
  A basilisk skeleton (Crypt:1)
  Natasha (thrice) (D:4)
  30 orc wizards
  A sky beast zombie (Crypt:2)
  14 mummies (Tomb:1)
  3 gnolls (D:4)
  12 adders
  3 shadow imps
  3 white imps
  10 ufetubi
  2 dart slugs
  A ribbon worm (D:4)
  80 orcs
  6 ball pythons
  3 endoplasms
  A giant cockroach (D:3)
  4 goblins
  8 hobgoblins
  5 jackals (D:2)
  3 quokkas
  4 bats
  2 frilled lizards
  A frilled lizard zombie (Crypt:1)
  5 kobolds
  A kobold skeleton (Crypt:1)
  5 rats
  A spectral weapon (Vaults:5)
2178 creatures vanquished.

Vanquished Creatures (collateral kills)
  A frost giant (Depths:3)
  A hydra (Swamp:4)
  A yaktaur (Vaults:5)
  A tyrant leech (Swamp:3)
  A kobold (D:3)
5 creatures vanquished.

Vanquished Creatures (others)
  2 deep elf knights (Elf:2)
  A hell knight (Depths:1)
  A deep troll (Vaults:5)
  3 deep elf zephyrmancers
  A deep elf pyromancer (Elf:3)
  A shining eye (shapeshifter) (Vaults:4)
  2 bloated husks
  A merfolk (Swamp:2)
  A tarantella (Spider:1)
  An orc warrior (Vaults:5)
  2 orcs (Vaults:5)
  30 foxfires
  2 lurking horrors (D:10)
48 creatures vanquished.

Grand Total: 2231 creatures vanquished

Table legend:
 A = Non-vault XP
 B = Vault XP
 C = Vault XP percentage of total XP
 D = Non-vault monster count
 E = Vault monster count
 F = Vault count percentage of total count
                 A         B        C        D         E       F
            +---------+---------+-------+---------+---------+-------
      Total |  549584 |  625442 |  53.2 |    1238 |     758 |  38.0
            +---------+---------+-------+---------+---------+-------
        D:1 |     103 |       0 |   0.0 |       8 |       0 |   0.0
        D:2 |      77 |       0 |   0.0 |      24 |       0 |   0.0
        D:3 |      36 |      52 |  59.1 |      12 |       2 |  14.3
        D:4 |     322 |      35 |   9.8 |      32 |       1 |   3.0
        D:5 |     564 |     258 |  31.4 |      17 |       6 |  26.1
        D:6 |     779 |       0 |   0.0 |      20 |       0 |   0.0
        D:7 |    1877 |       0 |   0.0 |      25 |       0 |   0.0
        D:8 |    1864 |     629 |  25.2 |      26 |       1 |   3.7
        D:9 |    3230 |    1893 |  37.0 |      21 |       7 |  25.0
       D:10 |    2846 |       0 |   0.0 |      25 |       0 |   0.0
       D:11 |    1091 |     527 |  32.6 |       7 |       8 |  53.3
       D:12 |    5702 |       0 |   0.0 |      14 |       0 |   0.0
       D:13 |   12264 |       0 |   0.0 |      21 |       0 |   0.0
       D:14 |    6719 |    2653 |  28.3 |      25 |       4 |  13.8
       D:15 |   11677 |    4797 |  29.1 |      25 |       8 |  24.2
     Lair:1 |    6288 |    1554 |  19.8 |      15 |       1 |   6.2
     Lair:2 |    8937 |    4196 |  32.0 |      34 |      10 |  22.7
     Lair:3 |    9846 |    2769 |  22.0 |      33 |       7 |  17.5
     Lair:4 |    2817 |       0 |   0.0 |      12 |       0 |   0.0
     Lair:5 |   17602 |   10014 |  36.3 |      68 |      35 |  34.0
    Swamp:1 |   12709 |    1415 |  10.0 |      29 |       1 |   3.3
    Swamp:2 |   15786 |    3510 |  18.2 |      27 |       2 |   6.9
    Swamp:3 |   13159 |       0 |   0.0 |      27 |       0 |   0.0
    Swamp:4 |   10543 |   16063 |  60.4 |      19 |      34 |  64.2
   Spider:1 |    9759 |    2243 |  18.7 |      25 |       1 |   3.8
   Spider:2 |   17324 |    9146 |  34.6 |      38 |      14 |  26.9
   Spider:3 |   16709 |     255 |   1.5 |      33 |       1 |   2.9
   Spider:4 |   17337 |   28163 |  61.9 |      35 |      47 |  57.3
      Orc:1 |    2274 |     270 |  10.6 |      35 |       2 |   5.4
      Orc:2 |    3611 |   15571 |  81.2 |      28 |      36 |  56.2
      Elf:1 |   22575 |   13660 |  37.7 |      38 |      21 |  35.6
      Elf:2 |   22001 |   25383 |  53.6 |      35 |      33 |  48.5
      Elf:3 |   11129 |   25721 |  69.8 |      19 |      22 |  53.7
   Vaults:1 |    8402 |   21190 |  71.6 |      11 |      29 |  72.5
   Vaults:2 |   23788 |   23563 |  49.8 |      37 |      35 |  48.6
   Vaults:3 |   13838 |   25629 |  64.9 |      20 |      31 |  60.8
   Vaults:4 |   38352 |   41468 |  52.0 |      54 |      40 |  42.6
   Vaults:5 |   19490 |   66360 |  77.3 |      31 |      59 |  65.6
    Crypt:1 |    8985 |       0 |   0.0 |      24 |       0 |   0.0
    Crypt:2 |   18230 |    7856 |  30.1 |      32 |       4 |  11.1
    Crypt:3 |     516 |   64853 |  99.2 |       1 |      93 |  98.9
     Tomb:1 |    9982 |   31041 |  75.7 |      22 |      34 |  60.7
   Depths:1 |   32735 |   10755 |  24.7 |      40 |       8 |  16.7
   Depths:2 |   28835 |   19898 |  40.8 |      37 |      21 |  36.2
   Depths:3 |   14766 |   24855 |  62.7 |      16 |      20 |  55.6
   Depths:4 |   35208 |   39829 |  53.1 |      34 |      38 |  52.8
      Zot:2 |    5838 |       0 |   0.0 |       6 |       0 |   0.0
      Zot:3 |    1538 |       0 |   0.0 |       1 |       0 |   0.0
      Zot:4 |    2525 |       0 |   0.0 |       2 |       0 |   0.0
      Zot:5 |   13930 |   74759 |  84.3 |       8 |      32 |  80.0
    Abyss:2 |    3069 |       0 |   0.0 |      10 |       0 |   0.0
   Gauntlet |       0 |    2609 | 100.0 |       0 |      10 | 100.0
            +---------+---------+-------+---------+---------+-------

Skill      XL: |  1  2  3  4  5  6  7  8  9 10 11 12 13 14 15 16 17 18 19 20 21 22 23 24 25 26 |
---------------+-------------------------------------------------------------------------------+-----
Axes           | 4 5 6 11 15 19 | 19.6
Maces & Flails | 1 2 4 6 7 |  7.2
Fighting       | 4 5 6 10 12 14 18 20 22 | 22.9
Shields        | 6 11 13 15 16 19 20 | 20.0
Invocations    | 4 8 |  8.4
Dodging        | 2 6 10 | 10.0
Armour         | 4 11 12 13 15 19 | 19.5
Shapeshifting  | 3 9 14 17 18 21 23 | 23.0

Action                     |  1- 3 |  4- 6 |  7- 9 | 10-12 | 13-15 | 16-18 | 19-21 | 22-24 | 25-27 || total
---------------------------+-------+-------+-------+-------+-------+-------+-------+-------+-------++-------
  Melee: Hand axe          |   131 |    36 |       |       |       |       |       |       |       ||   167
         Whip              |       |   110 |   347 |   474 |       |       |       |       |       ||   931
         Broad axe         |       |       |       |   182 |  1023 |  1571 |  1674 |   934 |  1419 ||  6803
         Unarmed           |       |       |       |       |     8 |       |       |       |       ||     8
 Invoke: Heroism           |       |       |       |     2 |     9 |     9 |       |       |       ||    20
         Finesse           |       |       |       |     1 |     7 |     2 |       |       |       ||    10
         Receive Weapon    |       |       |       |       |     1 |       |       |       |       ||     1
         Receive Armour    |       |       |       |       |     1 |       |       |       |       ||     1
  Evoke: Wand              |       |       |       |    29 |     4 |     7 |    21 |     3 |     6 ||    70
         Box of beasts     |       |       |       |       |       |       |     1 |     2 |       ||     3
         Phantom mirror    |       |       |       |       |       |       |     1 |       |     1 ||     2
         Phial of floods   |       |       |       |       |       |       |     1 |     1 |       ||     2
    Use: Scroll            |     1 |     6 |    10 |     9 |     8 |    16 |    15 |     1 |     8 ||    74
         Potion            |       |       |     1 |     5 |       |     1 |     4 |     1 |       ||    12
   Stab: Paralysed         |     1 |       |       |       |       |       |       |       |       ||     1
         Sleeping          |       |       |     1 |       |       |       |     2 |       |       ||     3
         Invisible         |       |       |       |     4 |     1 |     3 |     1 |       |       ||     9
         Petrified         |       |       |       |       |     5 |       |       |       |       ||     5
         Distracted        |       |       |       |       |     1 |     1 |       |       |     1 ||     3
 Armour: Leather armour    |    90 |    86 |   221 |   200 |   101 |       |       |       |       ||   698
         Skin              |       |       |     1 |       |     3 |       |       |   733 |   139 ||   876
         Chain mail        |       |       |       |       |   186 |   487 |   806 |       |       ||  1479
         Shadow dragon sca |       |       |       |       |       |       |   237 |     9 |    30 ||   276
         Plate armour      |       |       |       |       |       |       |       |       |   259 ||   259
  Dodge: Dodged            |    85 |    72 |   140 |    60 |   139 |   345 |   707 |   498 |   181 ||  2227
  Block: Tower shield      |       |       |    83 |   832 |  1249 |  1974 |  2727 |  1742 |  1420 || 10027
         Reflection        |       |       |       |       |    64 |    62 |       |       |       ||   126
         Other             |       |       |       |       |     1 |       |       |       |       ||     1
   Form: Statue            |       |       |       |       |       |       |       |     1 |       ||     1
                           |       |       |       |       |       |       |       |       |     1 ||     1
         Death             |       |       |       |       |       |       |       |       |     1 ||     1

Illustrated notes

Table legend:
 A = Kills in this place as a percentage of kills in the entire game.
 B = Kills by you in this place as a percentage of kills by you in the entire game.
 C = Kills by friends in this place as a percentage of kills by friends in the entire game.
 D = Other kills in this place as a percentage of other kills in the entire game.
 E = Experience gained in this place as a percentage of experience gained in the entire game.
 F = Experience gained in this place divided by the number of levels of this place that you have seen.
                   A       B       C       D       E      F
               +-------+-------+-------+-------+-------+----------------------
         Total | 100.0 | 100.0 | 100.0 | 100.0 | 100.0 | 22724.2
       Dungeon |  17.2 |  17.3 |  20.0 |   0.0 |   5.8 | 4671.6
          Lair |  10.6 |  10.7 |   0.0 |   0.0 |   5.3 | 12804.6
         Swamp |   6.9 |   6.8 |  40.0 |  14.3 |   6.1 | 18296.2
   Spider Nest |   9.6 |   9.6 |   0.0 |  14.3 |   8.4 | 25234.0
  Orcish Mines |   5.0 |   5.0 |   0.0 |   0.0 |   1.8 | 10863.0
   Elven Halls |   8.3 |   8.2 |   0.0 |  28.6 |  10.0 | 40156.3
        Vaults |  17.1 |  17.1 |  20.0 |  28.6 |  23.4 | 56416.0
         Crypt |   7.6 |   7.6 |   0.0 |   0.0 |   8.3 | 33480.0
          Tomb |   2.8 |   2.8 |   0.0 |   0.0 |   3.4 | 41023.0
        Depths |  10.7 |  10.6 |  20.0 |  14.3 |  17.4 | 52295.8
           Zot |   3.3 |   3.3 |   0.0 |   0.0 |   9.6 | 23113.2
         Abyss |   0.5 |   0.5 |   0.0 |   0.0 |   0.3 | 3069.0
      Gauntlet |   0.5 |   0.5 |   0.0 |   0.0 |   0.2 | 2609.0
               +-------+-------+-------+-------+-------+----------------------

Table legend: (Time is in decaauts)
 A = Elapsed time spent in this place.
 B = Non-inter-level travel time spent in this place.
 C = Inter-level travel time spent in this place.
 D = Time resting spent in this place.
 E = Time spent auto-exploring this place.
 F = Levels seen in this place.
 G = Mean time per level.
                   A        B        C        D        E       F      G
               +--------+--------+--------+--------+--------+-----+--------+
         Total |  54795 |  48580 |   6215 |   3515 |  32068 |  53 | 1033.9 |
       Dungeon |  18033 |  15172 |   2861 |   1297 |  11276 |  15 | 1202.2 |
          Lair |   5661 |   4753 |    908 |    123 |   3501 |   5 | 1132.2 |
         Swamp |   3599 |   3401 |    198 |    639 |   1536 |   4 |  899.8 |
   Spider Nest |   3359 |   3137 |    222 |     83 |   2160 |   4 |  839.8 |
  Orcish Mines |   1446 |   1268 |    178 |     30 |    876 |   2 |  723.0 |
   Elven Halls |   4048 |   3861 |    187 |    436 |   2123 |   3 | 1349.3 |
        Vaults |   8374 |   7368 |   1006 |    577 |   4808 |   5 | 1674.8 |
         Crypt |   2120 |   1980 |    140 |     65 |   1227 |   3 |  706.7 |
          Tomb |    900 |    796 |    104 |      0 |    522 |   1 |  900.0 |
        Depths |   5916 |   5508 |    408 |    139 |   3894 |   4 | 1479.0 |
           Zot |    828 |    828 |      0 |     29 |      0 |   5 |  165.6 |
         Abyss |    147 |    147 |      0 |     21 |     62 |   1 |  147.0 |
      Gauntlet |    357 |    357 |      0 |     74 |     80 |   1 |  357.0 |
               +--------+--------+--------+--------+--------+-----+--------+

Top non-repeatable levels by time:
Vaults:5: 2088 daAuts
Vaults:4: 2002 daAuts
     D:9: 1869 daAuts
Vaults:2: 1714 daAuts
     D:7: 1688 daAuts
     D:2: 1655 daAuts
     D:6: 1563 daAuts
Depths:2: 1558 daAuts
Depths:4: 1548 daAuts
    D:14: 1464 daAuts
Vaults:3: 1464 daAuts
Depths:3: 1459 daAuts
   Elf:2: 1406 daAuts
   Elf:3: 1395 daAuts
    D:11: 1390 daAuts
